 Dungeon Crawl Stone Soup version 0.25-a0-294-gea9b1ad378 (webtiles) character file.

Game seed: 18260576624100485750, levelgen mode: deterministic

17062773 floatRand the End of an Era (level 27, 9/321 HPs)
             Began as a Demonspawn Monk on Dec 15, 2019.
             Was the Champion of Qazlal.
             Escaped with the Orb
             ... and 15 runes on Dec 16, 2019!
             The game lasted 04:05:24 (91366 turns).

floatRand the End of an Era (Demonspawn Monk)      Turns: 91366, Time: 04:05:25

Health: 9/321      AC: 26    Str: 20    XL:     27
Magic:  44/51      EV: 27    Int: 24    God:    Qazlal [******]
Gold:   10735      SH: 23    Dex: 15    Spells: 22/56 levels left

rFire    + + .     SeeInvis +     - Unarmed
rCold    + + .     Gourm    .   k - +0 shield of an ossuary {rF+ Int+4} (curse)
rNeg     + + .     Faith    +   D - +5 ring mail "Awkuit" {rElec rF+}
rPois    +         Spirit   +   j - +2 hat of the Bear Spirit {Spirit, +Rage rN+ MR++}
rElec    +         Reflect  .   l - +4 dragonskin cloak
rCorr    +         Harm     .   (gloves unavailable)
MR       +++++     Clarity  +   Q - +0 pair of boots of Incorporation {Int+4} (curse) Stlth +.........Rnd*Tele +
                                F - amulet of the Gastropod {Faith rN+}
HPRegen  0.63/turn              Y - ring of Wuapu {rPois SInv}
MPRegen  0.64/turn              d - ring "Siskonoe" {*Drain rC+ MR+ MP+9 Str+3}

@: death's door, studying Armour, repel missiles
A: claws 3, horns 1, yellow scales 3, clarity, clumsy 2, deterioration 1,
powered by death 3, robust 3, screaming 1, teleportitis 1, magic shield, magic
regeneration, magic link
0: Orb of Zot
}: 15/15 runes: barnacled, slimy, silver, golden, iron, obsidian, icy, bone,
abyssal, demonic, glowing, magical, fiery, dark, gossamer
a: Upheaval, Elemental Force, Disaster Area, Renounce Religion, Evoke Berserk
Rage


You escaped.
You worshipped Qazlal.
Qazlal was exalted by your worship.
You were very hungry.

You visited 18 branches of the dungeon, and saw 90 of its levels.
You visited Pandemonium 1 time, and saw 12 of its levels.
You visited the Abyss 3 times.
You also visited: Trove, Ice Cave and Volcano.

You collected 15406 gold pieces.
You spent 4671 gold pieces at shops.

Inventory:

Armour
 c - the +1 cloak of Hedge Wizardry {rPois Int-5 Slay+4}
   (You acquired it on level 3 of the Vaults)

   It affects your intelligence (-5).
   It affects your accuracy and damage with ranged weapons and melee attacks
   (+4).
   It protects you from poison.
 j - the +2 hat of the Bear Spirit (worn) {Spirit, +Rage rN+ MR++}
   (You bought it in a shop on level 3 of the Elven Halls)

   It protects you from negative energy.
   It affects your resistance to hostile enchantments.
   It lets you go berserk.
 k - the cursed +0 shield of an ossuary (worn) {rF+ Int+4}
   (You bought it in a shop on level 2 of the Orcish Mines)

   It affects your intelligence (+4).
   It protects you from fire.
   It has a curse placed upon it.
 l - the +4 dragonskin cloak (worn)
   (You took it off Tiamat on level 2 of the Realm of Zot)
 m - a scarf of resistance
 C - the +2 hat "Veadowk" {rC+ MR- Int+3}
   (You found it on level 3 of the Elven Halls)

   It affects your intelligence (+3).
   It protects you from cold.
   It affects your resistance to hostile enchantments.
 D - the +5 ring mail "Awkuit" (worn) {rElec rF+}
   (You found it on level 4 of the Realm of Zot)

   It protects you from fire.
   It insulates you from electricity.
 Q - the cursed +0 pair of boots of Incorporation (worn) {Int+4}
   (You found it on level 3 of the Spider Nest)

   It affects your intelligence (+4).
   It has a curse placed upon it.
Jewellery
 d - the ring "Siskonoe" (right claw) {*Drain rC+ MR+ MP+9 Str+3}
   (You acquired it in a volcano)

   [ring of magical power]

   It affects your strength (+3).
   It protects you from cold.
   It affects your resistance to hostile enchantments.
   It affects your magic capacity (+9).
   It causes draining when unequipped.
 e - the ring of Usheuriw {*Tele rElec SInv}
   (You took it off Asmodeus on level 7 of Gehenna)

   [ring of teleportation]

   It may teleport you next to monsters.
   It insulates you from electricity.
   It lets you see invisible.
 y - the ring "Ismukogh" {rPois rF+ Int+4}
   (You found it on level 4 of the Spider Nest)

   [ring of protection from fire]

   It affects your intelligence (+4).
   It protects you from fire.
   It protects you from poison.
 z - the ring of Gluttony {+Fly rN+ Int+8 Dex-3 Stlth-}
   (You found it in a treasure trove)

   [ring of attention]

   It affects your intelligence (+8).
   It affects your dexterity (-3).
   It protects you from negative energy.
   It lets you fly.
   It makes you less stealthy.
 F - the amulet of the Gastropod (around neck) {Faith rN+}
   (You found it on level 1 of the Crypt)

   [amulet of faith]

   It allows you to gain divine favour quickly.
   It protects you from negative energy.
 H - the ring "Opesus" {rElec rF+}
   (You found it in a treasure trove)

   [ring of protection from fire]

   It protects you from fire.
   It insulates you from electricity.
 K - the ring "Hoat" {rN+ MR+ EV+2 Str-2}
   (You found it on level 5 of the Pits of Slime)

   [ring of evasion]

   It affects your evasion (+2).
   It affects your strength (-2).
   It protects you from negative energy.
   It affects your resistance to hostile enchantments.
 Y - the ring of Wuapu (left claw) {rPois SInv}
   (You found it in a treasure trove)

   [ring of poison resistance]

   It protects you from poison.
   It lets you see invisible.
Wands
 a - a wand of disintegration (16)
 s - a wand of digging (12)
 L - a wand of paralysis (19)
 U - a wand of iceblast (58)
 W - a wand of acid (24)
 X - a wand of clouds (7)
 Z - a wand of scattershot (5)
Scrolls
 g - 39 scrolls of remove curse
 i - 13 scrolls of teleportation
 o - 2 scrolls of summoning
 p - 6 scrolls of fear
 t - 4 scrolls of magic mapping
 w - 6 scrolls of fog
 G - 3 scrolls of silence
 J - 3 scrolls of blinking
 V - 9 scrolls of identify
Potions
 f - 6 potions of agility
 h - 18 potions of curing
 n - 3 potions of mutation
 r - a potion of cancellation
 u - 5 potions of brilliance
 v - a potion of haste
 x - 3 potions of heal wounds
 B - 4 potions of berserk rage
 I - 8 potions of ambrosia
 N - 3 potions of invisibility
 O - 10 potions of flight
 P - 2 potions of magic
 R - 4 potions of resistance
 S - a potion of might
Books
 A - a manual of Armour
Miscellaneous
 q - 5 phantom mirrors
 T - a figurine of a ziggurat
Comestibles
 b - 79 rations


   Skills:
 + Level 26.6 Fighting
 - Level 13.1 Armour
 + Level 24.0 Dodging
 - Level 1.7 Stealth
 + Level 18.7 Shields
 O Level 27 Unarmed Combat
 + Level 15.2 Spellcasting
 + Level 20.8 Charms
 + Level 23.6 Necromancy
 - Level 11.4 Translocations
 O Level 27 Invocations


You had 22 spell levels left.
You knew the following spells:

 Your Spells              Type           Power        Failure   Level  Hunger
a - Blink                 Tloc           N/A          1%          2    None
b - Lesser Beckoning      Tloc           ######....   1%          3    None
c - Teleport Other        Tloc           ######..     1%          3    None
d - Song of Slaying       Chrm           #######.     0%          2    None
e - Regeneration          Chrm/Necr      #######...   0%          3    None
f - Dispel Undead         Necr           #######.     0%          5    ##.....
g - Death's Door          Chrm/Necr      #######...   3%          8    #######
h - Borgnjor's Revivific  Necr           #######...   1%          8    #######

Your spell library contained the following spells:

 Spells                   Type           Power        Failure   Level  Hunger
 Animate Skeleton         Necr           N/A          0%          1    None
 Infusion                 Chrm           ####         0%          1    None
 Pain                     Necr           ####         0%          1    None
 Shroud of Golubria       Chrm/Tloc      ######       0%          2    None
 Sublimation of Blood     Necr           #######...   0%          2    None
 Vampiric Draining        Necr           #######...   0%          3    None
 Animate Dead             Necr           N/A          0%          4    None
 Agony                    Necr           #######.     0%          5    ##.....
 Excruciating Wounds      Chrm/Necr      #######...   0%          5    ##.....
 Apportation              Tloc           ######       1%          1    None
 Corpse Rot               Necr/Air       N/A          1%          2    None
 Gell's Gravitas          Tloc           ######....   1%          3    None
 Ozocubu's Armour         Chrm/Ice       ######..     1%          3    None
 Portal Projectile        Hex/Tloc       #####.       1%          3    None
 Recall                   Summ/Tloc      N/A          1%          3    None
 Spectral Weapon          Hex/Chrm       ######..     1%          3    None
 Borgnjor's Vile Clutch   Necr/Erth      ######....   1%          5    ##.....
 Iskenderun's Battlesphe  Conj/Chrm      ######..     1%          5    ##.....
 Death Channel            Necr           #######...   1%          6    ####...
 Infestation              Necr           #######...   1%          8    #######
 Beastly Appendage        Tmut           ###...       4%          1    None
 Confusing Touch          Hex            ###...       4%          1    None
 Corona                   Hex            ###....      4%          1    None
 Foxfire                  Conj/Fire      ###.         4%          1    None
 Freeze                   Ice            ###.         4%          1    None
 Magic Dart               Conj           ###.         4%          1    None
 Sandblast                Erth           ###...       4%          1    None
 Shock                    Conj/Air       ###.         4%          1    None
 Summon Butterflies       Summ           ###.....     4%          1    None
 Summon Small Mammal      Summ           ###.         4%          1    None
 Iskenderun's Mystic Bla  Conj/Tloc      #####...     4%          4    None
 Simulacrum               Ice/Necr       ######....   5%          6    ####...
 Call Imp                 Summ           ###.....     7%          2    None
 Passwall                 Tmut/Erth      ###.....     7%          2    None
 Poisonous Vapours        Pois/Air       ###...       7%          2    None
 Searing Ray              Conj           ###...       7%          2    None
 Slow                     Hex            ###.....     7%          2    None
 Deflect Missiles         Chrm/Air       ######....   10%         6    ####...
 Summon Forest            Summ/Tloc      #####.....   12%         5    ##.....
 Call Canine Familiar     Summ           ###.....     14%         3    None
 Confuse                  Hex            ###.....     14%         3    None
 Conjure Flame            Conj/Fire      ###.....     14%         3    None
 Dazzling Flash           Conj/Hex       ###...       14%         3    None
 Ignite Poison            Fire/Tmut/Pois ###.....     14%         3    None
 Inner Flame              Hex/Fire       ###.....     14%         3    None
 Mephitic Cloud           Conj/Pois/Air  ###.....     14%         3    None
 Spider Form              Tmut/Pois      ###.......   14%         3    None
 Static Discharge         Conj/Air       ###.....     14%         3    None
 Stone Arrow              Conj/Erth      ###...       14%         3    None
 Summon Guardian Golem    Hex/Summ       ###.....     14%         3    None
 Tukima's Dance           Hex            ###.....     14%         3    None
 Haunt                    Necr/Summ      ######....   30%         7    ######.
 Airstrike                Air            ###.......   41%         4    None
 Cause Fear               Hex            ###.......   41%         4    None
 Fulminant Prism          Conj/Hex       ###.......   41%         4    None
 Hailstorm                Conj/Ice       ###.....     41%         4    None
 Leda's Liquefaction      Hex/Erth       ###.......   41%         4    None
 Olgreb's Toxic Radiance  Pois           ###.....     41%         4    None
 Petrify                  Tmut/Erth      ###.....     41%         4    None
 Summon Ice Beast         Ice/Summ       ###.....     41%         4    None
 Summon Lightning Spire   Summ/Air       ###.....     41%         4    None
 Ring of Flames           Chrm/Fire      ######....   47%         7    ######.
 Alistair's Intoxication  Tmut/Pois      ###.....     77%         5    ##.....
 Aura of Abjuration       Summ           ###.......   77%         5    ##.....
 Bolt of Magma            Conj/Fire/Erth ###.......   77%         5    ##.....
 Irradiate                Conj/Tmut      ###.......   77%         5    ##.....
 Lee's Rapid Deconstruct  Erth           ###.......   77%         5    ##.....
 Lightning Bolt           Conj/Air       ###.......   77%         5    ##.....
 Metabolic Englaciation   Hex/Ice        ###.......   77%         5    ##.....
 Silence                  Hex/Air        ###.......   77%         5    ##.....
 Summon Demon             Summ           ###.......   77%         5    ##.....
 Summon Mana Viper        Hex/Summ       ###.....     77%         5    ##.....
 Yara's Violent Unravell  Hex/Tmut       ###.......   77%         5    ##.....
 Necromutation            Tmut/Necr      ######....   93%         8    #######
 Malign Gateway           Summ/Tloc      #####.....   98%         7    ######.
 Conjure Ball Lightning   Conj/Air       ###.......   100%        6    ####...
 Eringya's Noxious Bog    Tmut/Pois      ###.......   100%        6    ####...
 Freezing Cloud           Conj/Ice/Air   ###.......   100%        6    ####...
 Hydra Form               Tmut           ###.......   100%        6    ####...
 Invisibility             Hex            ###.....     100%        6    ####...
 Iron Shot                Conj/Erth      ###.......   100%        6    ####...
 Shadow Creatures         Summ           N/A          100%        6    ####...
 Statue Form              Tmut/Erth      ###......    100%        6    ####...
 Dragon Form              Tmut           ###.......   100%        7    ######.
 Monstrous Menagerie      Summ           ###.......   100%        7    ######.
 Orb of Destruction       Conj           ###.......   100%        7    ######.
 Spellforged Servitor     Conj/Summ      ###.......   100%        7    ######.
 Summon Greater Demon     Summ           ###.......   100%        7    ######.
 Summon Hydra             Summ           ###.......   100%        7    ######.
 Chain Lightning          Conj/Air       ###.......   100%        8    #######
 Ignition                 Fire           ###.......   100%        8    #######
 Lehudib's Crystal Spear  Conj/Erth      ###.......   100%        8    #######
 Summon Horrible Things   Summ           ###.......   100%        8    #######
 Dragon's Call            Summ           ###.......   100%        9    #######
 Fire Storm               Conj/Fire      ###.......   100%        9    #######
 Glaciate                 Conj/Ice       ###.......   100%        9    #######
 Shatter                  Erth           ###.......   100%        9    #######
 Tornado                  Air            ###.......   100%        9    #######
 Passage of Golubria      Tloc           Unusable     N/A         4    N/A

Dungeon Overview and Level Annotations

Branches:
Dungeon (15/15)            Temple (1/1) D:6            Lair (6/6) D:10
 Shoals (4/4) Lair:3       Spider (4/4) Lair:3        Slime (5/5) Lair:6
    Orc (2/2) D:11            Elf (3/3) Orc:2        Vaults (5/5) D:13
  Crypt (3/3) Vaults:2       Tomb (3/3) Crypt:3      Depths (5/5) D:15
   Hell (visited)             Dis (7/7) Hell            Geh (7/7) Hell
    Coc (7/7) Hell            Tar (7/7) Hell            Zot (5/5) Depths:5
  IceCv (visited)         Volcano (visited)

Altars:
Ashenzari
Cheibriados
Dithmenos
Elyvilon
Fedhas
Gozag
Hepliaklqana
Kikubaaqudgha
Makhleb
Nemelex Xobeh
Okawaru
Qazlal
Ru
Sif Muna
Trog
Uskayaw
Vehumet
Wu Jian
Xom
Yredelemnul
Zin
The Shining One
Beogh

Shops:
D:4 ?   D:5 *[   Orc:2 =(:[   Elf:1 *   Elf:2 }   Elf:3 ?%[(:   Vaults:5 =
Crypt:1 **   Zot:1 *   Depths:2 =}=[

Portals:
Hell: Depths:1 Depths:2 Depths:3 Depths:4 Depths:5
Abyss: Depths:4
Pandemonium: Depths:3 Depths:4
Ziggurat: Depths:4

Annotations:
D:1 well, that's done now
D:6 2 runed translucent doors
D:7 1 runed translucent door, Crazy Yiuf
Lair:2 exclusion: 2 oklob plants
Elf:2 5 runed translucent doors


Innate Abilities, Weirdness & Mutations

You have claws for hands.
You are completely covered in yellow scales. (AC +4, rCorr)
You regenerate a lot of health from kills.
You are extremely robust. (+30% HP)
When hurt, damage is shared between your health and your magic reserves.
You regenerate magic rapidly.
When low on magic, you restore magic in place of health.
You have a pair of small horns on your head.
You possess an exceptional clarity of mind.
You are very clumsy. (Dex -4)
Your body sometimes deteriorates upon taking damage.
You occasionally shout uncontrollably at your foes.
You are occasionally teleported next to monsters.


Message History

You climb upwards.
There is a stone staircase leading down here.
There is an open door here.
There is a stone staircase leading up here.
You climb upwards.
There is a stone staircase leading down here.
There is a stone staircase leading up here.
You climb upwards.
There is a stone staircase leading down here.
You are feeling hungry.
There is a staircase leading out of the dungeon here.
New annotation for D:1 (include '!' for warning): well, that's done now
Okay, then.
Casting: Regeneration (safe; 0% risk of failure)
Confirm with . or Enter, or press ? or * to list all spells.
You stand defiantly in death's doorway!
You seem to hear sand running through an hourglass...
You can't go down here!
You are feeling very hungry.
You have escaped!

#.....#...#...#............
##..#...#..#..#...#...######
#....#..#..#..#..#.....#
###.....#..#.#.#..#......####
####....#...#.#.#.#.#...#..(...##
.........##..#.#.#.#..##.........
####.#.....##.#.☼(#.##.........##
.............#....§#.............
.......######...@.○)######.....##
####.#.......#☼○...#.............
##.......##.#.°○#.##.........##
###......##..#.#.#.#..##...#####
...#....#...#.#.#.#.#...#..#
##..#......#..#.#.#..#....(#
.###.#....#..#..#..#..#....#
.........#...#..#..#...#..##
#####.......#...#(..#.....#


There were no monsters in sight!

Vanquished Creatures
  Cerebov (Pan)
  Asmodeus (Geh:7)
  Antaeus (Coc:7)
  the Royal Jelly (Slime:5)
  Dissolution (Slime:4)
  Ereshkigal (Tar:7)
  Gloorx Vloq (Pan)
  Lom Lobon (Pan)
  Mnoleg (Pan)
  Tiamat (Zot:2)
  Dispater (Dis:7)
  8 pandemonium lords
  3 orbs of fire (Zot:5)
  13 ancient liches
  23 greater mummies
  4 Killer Klowns
  5 shard shrikes (Coc:7)
  Bai Suzhen (Spider:3)
  Xtahua (Vaults:3)
  2 caustic shrikes
  4 curse toes (Zot:1)
  4 golden dragons
  Geryon (Hell)
  3 profane servitors
  21 bone dragons
  3 electric golems
  15 liches
  Arachne (Spider:2)
  A shard shrike zombie (Crypt:1)
  8 Hell Sentinels
  16 Brimstone Fiends
  11 Tzitzimimeh
  16 Ice Fiends
  A hellephant (Depths:4)
  7 doom hounds
  26 Orb Guardians
  Jorgrun (Shoals:1)
  26 tentacled monstrosities
  The ghost of Hah Honi the Tortoise, an adept GrFi of Makhleb (Crypt:1)
  2 deep elf blademasters (Elf:3)
  11 quicksilver dragons
  3 titans
  A kraken (Shoals:1)
  3 deep elf master archers (Elf:3)
  14 death cobs
  21 acid blobs
  9 sphinxes
  Polyphemus (Shoals:3)
  27 tentacled starspawn
  16 Executioners
  23 ancient champions
  The ghost of Jom Ituh the Severer, an adept DDFi of Makhleb (Spider:3)
  Kirke (Elf:1)
  14 storm dragons
  18 shadow dragons
  3 revenants
  Roxanne (D:14)
  11 tengu reavers
  A daeva (Abyss:1)
  16 azure jellies
  7 draconian monks
  Ilsuiw (Shoals:4)
  5 deep elf sorcerers (Elf:3)
  13 fire giants
  8 frost giants
  41 balrugs
  6 draconian scorchers
  6 iron dragons
  8 draconian knights
  An orc warlord (Orc:2)
  18 vault wardens
  9 warmongers (Pan)
  17 cacodemons
  6 emperor scorpions
  4 curse skulls
  9 ghost moths
  Aizul (Elf:3)
  A juggernaut zombie (Hell)
  6 caustic shrike zombies
  15 ironheart preservers
  8 black suns (Pan)
  7 draconian shifters
  A spriggan defender (Depths:4)
  15 war gargoyles
  5 draconian annihilators
  5 draconian stormcallers
  5 elemental wellsprings
  6 ghouls
  28 stone giants
  44 reapers
  6 deep elf elementalists
  An ophan (Abyss:3)
  14 green draconians
  6 blood saints (Pan)
  13 black draconians
  6 bennus
  6 entropy weavers
  4 deep elf demonologists
  33 very ugly things
  11 yellow draconians
  4 corrupters (Pan)
  10 purple draconians
  A minotaur (Shoals:3)
  77 large abominations
  Azrael (D:13)
  7 vampire knights
  20 red draconians
  A dire elephant (shapeshifter) (Depths:3)
  5 deep elf annihilators
  5 lorocyprocas
  22 dire elephants
  16 white draconians
  26 ettins
  6 spark wasps
  4 eidola
  5 merfolk javelineers
  20 yaktaur captains
  30 blizzard demons
  6 deep elf death magi
  16 green deaths
  4 quicksilver dragon zombies
  11 jiangshi
  5 death oozes
  9 great orbs of eyes
  4 merfolk impalers
  24 mummy priests
  A kraken zombie (Hell)
  5 deep elf high priests
  6 fire dragons
  16 ice dragons
  37 vault guards
  11 rakshasas
  A quicksilver dragon skeleton (Coc:2)
  9 monstrous demonspawn
  2 catoblepae
  Harold (D:8)
  5 hydras
  2 spriggan air magi
  2 juggernaut simulacra (Pan)
  12 death knights
  3 hell beasts (Pan)
  4 alligator snapping turtles
  4 merfolk aquamancers
  An anaconda (Lair:6)
  15 centaur warriors
  22 dancing weapons
  3 merfolk avatars
  13 ogre magi
  6 satyrs
  12 deep troll shamans
  5 titan zombies
  39 two-headed ogres
  Erica (D:8)
  39 death scarabs
  A death yak (shapeshifter) (Vaults:5)
  21 hell hogs
  8 thrashing horrors
  3 orc high priests
  6 death yaks
  46 small abominations
  3 tengu warriors
  14 vampire magi
  13 deep troll earth magi
  3 storm dragon zombies
  3 spriggan berserkers
  38 soul eaters
  66 sun demons
  10 deep elf knights
  5 titan skeletons
  82 hell knights
  6 iron golems
  18 wretched stars
  2 death drakes
  27 sixfirhies
  9 iron trolls
  2 spatial maelstroms (Abyss:3)
  16 shadow wraiths
  2 storm dragon skeletons
  5 gelid demonspawn
  2 spark wasp zombies (Hell)
  A spectral spark wasp (Spider:3)
  A spectral ghost moth (Spider:3)
  3 golden dragon zombies
  12 infernal demonspawn (Pan)
  99 skeletal warriors
  10 glowing orange brains
  2 torturous demonspawn
  15 sea snakes
  20 shadow demons
  15 flayed ghosts
  An orange crystal statue (Elf:1)
  6 wizards
  7 anaconda zombies
  A cherub (Pan)
  10 shadow dragon zombies
  A salamander mystic (Depths:3)
  42 deep trolls
  A ghost moth zombie (Dis:7)
  11 phantasmal warriors
  23 ironbrand convokers
  9 deep elf archers
  2 sphinx zombies (Depths:4)
  27 harpies
  5 golden dragon skeletons
  24 necromancers
  5 wolf spider zombies
  2 obsidian statues
  A spectral wolf spider (Spider:3)
  6 anaconda skeletons
  46 deep elf magi
  15 orc knights
  38 wolf spiders
  An iron dragon zombie (Geh:7)
  A sphinx skeleton (Depths:4)
  3 cyclopes (shapeshifter)
  12 orb spiders
  5 frost giant zombies
  7 shadow dragon skeletons
  7 oklob plants
  5 salamanders
  2 shining eyes
  55 ugly things
  3 tengu skeletons
  4 cyclopes
  6 stone giant zombies
  2 iron dragon skeletons
  8 orc sorcerers
  7 worldbinders
  12 manticores
  3 elf zombies
  2 black mambas
  A fire giant zombie (Crypt:3)
  25 elephants
  5 frost giant skeletons
  4 stone giant skeletons
  13 fauns
  20 moths of wrath
  Joseph (D:7)
  11 merfolk sirens
  9 ice statues
  2 moths of wrath (shapeshifter) (Vaults:5)
  14 apocalypse crabs
  4 water nymphs
  43 rust devils
  13 molten gargoyles
  2 shock serpent zombies
  A guardian serpent (Abyss:3)
  A naga mage (Abyss:3)
  31 orange demons
  A toenail golem (Depths:1)
  Psyche (D:8)
  A titan simulacrum (Abyss:3)
  17 vault sentinels
  7 dire elephant zombies
  3 fire giant skeletons
  5 eyes of devastation
  2 storm dragon simulacra
  4 dire elephant skeletons
  12 spiny frogs
  51 smoke demons
  34 hellions
  5 rime drakes
  4 catoblepas zombies
  A gargoyle (D:13)
  A spiny frog (shapeshifter) (Vaults:2)
  A yaktaur zombie (Hell)
  5 kobold demonologists
  A shock serpent skeleton (Tar:7)
  33 freezing wraiths
  A yaktaur (shapeshifter) (Elf:1)
  A minotaur zombie (Abyss:3)
  29 demonic crawlers
  3 emperor scorpion zombies
  9 komodo dragons
  61 yaktaurs
  25 ice devils
  10 efreet
  2 elf skeletons
  41 tormentors
  2 catoblepas skeletons
  A spectral redback (Spider:3)
  7 hydra zombies
  14 ancient zymes
  An anaconda simulacrum (Hell)
  30 hellwings
  A minotaur skeleton (Abyss:3)
  46 guardian mummies
  13 merfolk
  49 red devils
  4 tengu conjurers
  A green draconian skeleton (Crypt:2)
  3 meliai (Shoals:3)
  40 jumping spiders
  3 silent spectres
  A wolf spider simulacrum (Spider:3)
  7 trolls
  3 trolls (shapeshifter)
  A wind drake (Shoals:1)
  A polar bear (Lair:3)
  2 harpy skeletons
  Grinder (D:4)
  2 spectral jumping spiders (Spider:3)
  41 raiju
  11 hornets
  73 slime creatures
  30 blink frogs
  3 ettin zombies
  An alligator zombie (Coc:7)
  4 fire dragon zombies
  8 snapping turtles
  18 hippogriffs
  4 hydra skeletons
  A raiju (shapeshifter) (Vaults:3)
  8 ice dragon zombies
  A slime creature (shapeshifter) (Elf:1)
  2 black mamba zombies
  6 air elementals
  A fire giant simulacrum (Tomb:2)
  101 flying skulls
  2 spriggan zombies (Hell)
  Sigmund (D:3)
  3 alligator skeletons
  5 fire dragon skeletons
  3 ice dragon skeletons
  67 redbacks
  A spriggan (shapeshifter) (D:15)
  17 ynoxinuls
  14 shadows
  30 tarantellas
  A tarantella (shapeshifter) (Vaults:3)
  13 water elementals
  7 ettin skeletons
  3 vampires
  11 spriggans
  3 wyverns
  32 wraiths
  5 hogs (Elf:1)
  3 basilisks
  2 fire bats
  29 ushabtiu
  15 chaos spawn
  A fire bat (shapeshifter) (Vaults:2)
  A black mamba skeleton (Geh:5)
  42 yaks
  A hog (shapeshifter) (Vaults:5)
  A golden eye (shapeshifter) (D:13)
  A basilisk (shapeshifter) (Abyss:3)
  8 golden eyes
  3 steam dragons
  52 fire elementals
  6 vampire mosquitoes (D:12)
  27 neqoxecs
  A human simulacrum (Vaults:1)
  4 spatial vortices (Abyss:3)
  2 catoblepas simulacra
  7 hungry ghosts
  An emperor scorpion simulacrum (Hell)
  11 insubstantial wisps (Abyss:3)
  A spectral orb spider (Spider:3)
  A wind drake skeleton (Crypt:1)
  3 acid dragons
  13 wargs
  5 spiny frog zombies
  2 nagas (Abyss:3)
  11 water moccasins
  A floating eye (shapeshifter) (Elf:1)
  2 floating eyes
  64 hell hounds
  2 hornet zombies
  A porcupine (shapeshifter) (Vaults:4)
  Duvessa (D:7)
  A torturous demonspawn skeleton (Crypt:3)
  7 porcupines
  A faun skeleton (Crypt:2)
  43 ice beasts
  A black bear (D:12)
  2 merfolk skeletons
  A jumping spider simulacrum (Spider:3)
  3 manticore zombies
  3 snapping turtle zombies
  3 spiny frog skeletons
  A tarantella simulacrum (Spider:3)
  9 eyes of draining
  A fire dragon simulacrum (Tomb:2)
  4 sky beasts
  An ice dragon simulacrum (Abyss:3)
  32 orc warriors
  15 necrophages
  40 ogres
  16 boggarts
  A swamp dragon zombie (Dis:1)
  An ettin simulacrum (Vaults:3)
  5 phantoms
  3 manticore skeletons
  7 wolves (Lair:3)
  38 centaurs
  A dream sheep skeleton (Crypt:1)
  3 swamp dragon skeletons
  An elephant skeleton (Crypt:3)
  4 snapping turtle skeletons
  10 crocodiles
  2 big kobolds
  Blork the orc (D:4)
  A wyvern zombie (D:7)
  7 earth elementals
  A water moccasin zombie (D:12)
  19 bullfrogs
  Dowan (D:7)
  A wyvern skeleton (D:6)
  A salamander skeleton (Crypt:2)
  6 scorpions
  A hornet simulacrum (Spider:3)
  3 tengu zombies
  A polar bear zombie (Crypt:3)
  A yak skeleton (Crypt:2)
  54 wights
  11 electric eels
  7 howler monkeys
  26 crimson imps
  5 bullfrog zombies
  A human zombie (Geh:7)
  80 starcursed masses
  6 hounds
  7 jellies
  5 quasits
  3 bullfrog skeletons
  6 centaur zombies
  45 orc wizards
  14 orc priests
  41 iron imps
  4 centaur skeletons
  Natasha (thrice) (D:4)
  A black bear skeleton (Crypt:2)
  A worker ant (shapeshifter) (Vaults:4)
  6 iguanas
  15 worker ants
  11 hell rats (Hell)
  A killer bee zombie (Crypt:3)
  A crocodile zombie (Crypt:3)
  A deep dwarf skeleton (Crypt:2)
  A demigod skeleton (Crypt:1)
  A naga skeleton (Geh:5)
  3 hound zombies
  36 mummies
  Robin (D:3)
  A gnoll (D:3)
  A worker ant zombie (D:5)
  2 howler monkey skeletons
  19 adders
  18 shadow imps
  14 white imps
  6 ufetubi
  2 oozes
  An adder zombie (D:5)
  2 adder skeletons
  3 worms
  4 dart slugs
  6 leopard geckos
  121 orcs
  7 giant cockroaches
  10 goblins
  9 hobgoblins
  12 jackals
  6 quokkas
  A ball python (D:5)
  9 bats
  4 frilled lizards
  A giant cockroach zombie (D:5)
  A gnoll skeleton (Crypt:1)
  12 kobolds
  A kobold simulacrum (Hell)
  2 leopard gecko skeletons
  5 rats
  3 crawling corpses (Vaults:5)
  4 fire vortices
  A fungus (Lair:6)
  2 lurking horrors
  13 plants
  28 starspawn tentacles
  4 tentacles
  A withered plant (Crypt:3)
5170 creatures vanquished.

Vanquished Creatures (collateral kills)
  A deep elf blademaster (Elf:3)
  A spriggan (D:8)
2 creatures vanquished.

Vanquished Creatures (others)
  An ancient lich (Zot:5)
  A tentacled monstrosity (Zot:4)
  2 eldritch tentacles
  A draconian knight (Zot:2)
  2 black suns (Pan)
  A war gargoyle (Vaults:5)
  An elemental wellspring (Coc:7)
  A stone giant (Depths:1)
  A mummy priest (Tomb:3)
  Snorg (Lair:4)
  A monstrous demonspawn (Pan)
  A rakshasa (Pan)
  A centaur warrior (Vaults:3)
  2 sun demons
  A shadow wraith (Vaults:2)
  A deep troll (Vaults:5)
  A shadow demon (Pan)
  A glowing orange brain (Pan)
  2 deep elf magi
  3 large abominations (Abyss:3)
  A necromancer (Dis:7)
  An ugly thing (Vaults:3)
  A faun (Shoals:4)
  A hellion (Geh:7)
  A yaktaur (Depths:2)
  A jumping spider (Spider:2)
  2 small abominations (Abyss:3)
  3 flying skulls
  3 shadows
  2 water elementals
  A tarantella (Spider:4)
  A wraith (Coc:7)
  A fire elemental (Geh:3)
  2 golden eyes (Abyss:3)
  A hell hound (Dis:7)
  A boggart (Depths:2)
  2 ogres
  A swamp dragon skeleton (Geh:4)
  A scorpion (D:7)
  A wight (Geh:7)
  An iron imp (Dis:1)
  A hell rat (Hell)
  8 ball lightnings (Pan)
  2 orcs
  A crawling corpse (Vaults:5)
  66 fungi
  A lurking horror (Abyss:3)
  110 plants
  52 starspawn tentacles
  19 tentacles
  2 withered plants (Crypt:3)
317 creatures vanquished.

Grand Total: 5489 creatures vanquished

Notes
Turn   | Place    | Note
-------+----------+-------------------------------------------
     0 | D:1      | floatRand the Demonspawn Monk began the quest for the Orb.
     0 | D:1      | Reached XP level 1. HP: 18/18 MP: 1/1
    85 | D:1      | Gained mutation: You are partially covered in yellow
                  | scales. (AC +2) [demonic ancestry]
    85 | D:1      | Reached XP level 2. HP: 16/24 MP: 2/2
   870 | D:2      | Reached XP level 3. HP: 12/29 MP: 3/3
  1070 | D:2      | Found an opulent altar of Gozag.
  1592 | D:2      | Found a snail-covered altar of Cheibriados.
  1697 | D:2      | Found a bloodstained altar of Trog.
  2034 | D:3      | Reached XP level 4. HP: 25/35 MP: 4/4
  2245 | D:3      | Noticed Sigmund
  2302 | D:3      | Reached skill level 5 in Unarmed Combat
  2302 | D:3      | Gained mutation: You have sharp fingernails. [demonic
                  | ancestry]
  2302 | D:3      | Reached XP level 5. HP: 41/41 MP: 5/5
  2319 | D:3      | Killed Sigmund
  2319 | D:3      | Reached XP level 6. HP: 47/47 MP: 6/6
  2675 | D:3      | Found a hazy altar of Hepliaklqana.
  2733 | D:3      | Noticed Robin
  2757 | D:3      | Killed Robin
  2976 | D:3      | Found a shattered altar of Ashenzari.
  3154 | D:3      | Found an iron altar of Okawaru.
  3362 | D:4      | Noticed Grinder
  3572 | D:4      | Paralysed by Grinder for 4 turns
  3596 | D:4      | Killed Grinder
  3596 | D:4      | Gained mutation: You regenerate a little health from kills.
                  | [demonic ancestry]
  3596 | D:4      | Reached XP level 7. HP: 13/52 MP: 7/7
  4057 | D:4      | Identified the Grimoire of Poison
  4173 | D:4      | Noticed Blork the orc
  4187 | D:4      | Killed Blork the orc
  4437 | D:4      | Found a stormy altar of Qazlal.
  4589 | D:4      | Found Wuixt's Magic Scroll Shoppe.
  4754 | D:4      | Noticed Natasha
  4767 | D:4      | Killed Natasha
  4900 | D:4      | Noticed Natasha
  4908 | D:4      | Killed Natasha
  5051 | D:5      | Entered Level 5 of the Dungeon
  5086 | D:5      | Found Eki Mol's Armour Shoppe.
  5116 | D:5      | Bought a +1 cloak of poison resistance for 189 gold pieces
  5280 | D:5      | Reached XP level 8. HP: 8/58 MP: 8/8
  5297 | D:4      | Noticed Natasha
  5551 | D:4      | Killed Natasha
  5749 | D:5      | Found a blossoming altar of Fedhas.
  5982 | D:5      | Reached skill level 10 in Unarmed Combat
  6172 | D:5      | Found Zaru's Lightly-Used Armoury.
  6645 | D:6      | Found a large runed translucent door.
  6647 | D:6      | Found a large runed translucent door.
  6656 | D:6      | Found a large runed translucent door.
  6656 | D:6      | Found a large runed translucent door.
  6714 | D:6      | Gained mutation: When hurt, damage is shared between your
                  | health and your magic reserves. [demonic ancestry]
  6714 | D:6      | Reached XP level 9. HP: 21/63 MP: 9/9
  7095 | D:6      | Reached skill level 5 in Dodging
  7965 | D:6      | Found a shadowy altar of Dithmenos.
  8017 | D:6      | Found a staircase to the Ecumenical Temple.
  8031 | Temple   | Entered the Ecumenical Temple
  8665 | D:7      | Noticed Duvessa
  8688 | D:7      | Noticed Dowan
  8699 | D:7      | Killed Duvessa
  8700 | D:7      | Killed Dowan
  8712 | D:7      | Reached XP level 10. HP: 54/70 MP: 8/10
  9167 | D:7      | Noticed Joseph
  9175 | D:7      | Killed Joseph
  9379 | D:7      | Found a runed translucent door.
  9380 | D:7      | Noticed Crazy Yiuf
  9433 | D:7      | Found a radiant altar of Vehumet.
  9629 | D:7      | Noticed a sixfirhy
  9851 | D:7      | Noticed a cyclops
 10037 | D:7      | Noticed a rust devil
 10185 | D:7      | Got a fine shortbow
 10204 | D:7      | Got an encrusted great mace
 10206 | D:7      | Identified the +5 shortbow of Destiny {velocity, +Blink
                  | rF++ Dex-3} (You found it on level 7 of the Dungeon)
 10417 | D:8      | Found a sparkling altar of Nemelex Xobeh.
 10482 | D:8      | Got a dazzling leather armour
 10492 | D:8      | Identified the cursed +0 leather armour "Efyog" {Regen+
                  | Dex+8 Stlth-} (You found it on level 8 of the Dungeon)
 10680 | D:8      | Noticed Psyche
 10688 | D:8      | Killed Psyche
 10828 | D:8      | Noticed Erica
 10844 | D:8      | Killed Erica
 11089 | D:4      | Became a worshipper of Qazlal Stormbringer
 11089 | D:4      | Reached * piety under Qazlal
 11089 | D:4      | Reached ** piety under Qazlal
 11145 | D:8      | Reached skill level 1 in Invocations
 11293 | D:8      | Noticed Harold
 11316 | D:8      | Killed Harold
 11316 | D:8      | Gained mutation: You are mostly covered in yellow scales.
                  | (AC +3) [demonic ancestry]
 11316 | D:8      | Reached XP level 11. HP: 73/75 MP: 11/14
 11459 | D:8      | Reached skill level 5 in Invocations
 11485 | D:8      | Found a glowing golden altar of the Shining One.
 11726 | D:9      | Found a burning altar of Makhleb.
 11887 | D:9      | Reached skill level 1 in Shields
 12279 | D:9      | Reached *** piety under Qazlal
 12724 | D:10     | Entered Level 10 of the Dungeon
 12862 | D:10     | Identified the +1 robe of Altruism {-Cast rPois rF+++
                  | Str-4}
 12918 | D:10     | Found a staircase to the Lair.
 13664 | D:11     | Reached **** piety under Qazlal
 13911 | D:11     | Found a staircase to the Orcish Mines.
 14053 | D:11     | Reached skill level 10 in Invocations
 14067 | D:11     | Reached XP level 12. HP: 80/81 MP: 17/19
 14941 | Lair:1   | Entered Level 1 of the Lair of Beasts
 15377 | Lair:1   | Reached ***** piety under Qazlal
 16011 | Lair:2   | Noticed a catoblepas
 16030 | Lair:2   | Killed a catoblepas
 16103 | Lair:2   | Found a dark tunnel.
 16118 | Volcano  | Entered a volcano
 16147 | Volcano  | Noticed a two-headed ogre
 16147 | Volcano  | Noticed an ogre mage
 16147 | Volcano  | Noticed a two-headed ogre
 16150 | Volcano  | Noticed a two-headed ogre
 16152 | Volcano  | Killed a two-headed ogre
 16152 | Volcano  | Reached skill level 5 in Shields
 16167 | Volcano  | Killed a two-headed ogre
 16175 | Volcano  | Noticed a two-headed ogre
 16196 | Volcano  | Killed a two-headed ogre
 16206 | Volcano  | Killed a two-headed ogre
 16212 | Volcano  | Killed an ogre mage
 16391 | Volcano  | Noticed a two-headed ogre
 16404 | Volcano  | Killed a two-headed ogre
 16452 | Volcano  | Identified a scroll of acquirement
 16455 | Volcano  | Got a scorched steel ring
 16907 | Lair:2   | Noticed an ice dragon
 16927 | Lair:2   | Killed an ice dragon
 16927 | Lair:2   | Gained mutation: You are completely covered in yellow
                  | scales. (AC +4, rCorr) [demonic ancestry]
 16927 | Lair:2   | Reached XP level 13. HP: 72/86 MP: 11/22
 17239 | Lair:3   | Reached skill level 10 in Dodging
 17325 | Lair:3   | Found a staircase to the Shoals.
 17474 | Lair:3   | Identified the ring "Siskonoe" {*Drain rC+ MR+ MP+9 Str+3}
                  | (You acquired it in a volcano)
 17833 | Lair:3   | Found a hole to the Spider Nest.
 18290 | Lair:4   | Noticed Snorg
 18302 | Lair:4   | Killed Snorg
 18768 | Lair:4   | Reached skill level 15 in Unarmed Combat
 18985 | Lair:4   | Got a jewelled ring mail
 18986 | Lair:4   | Identified the +3 ring mail "Tananoics" {rC- Regen+ Dex+2}
                  | (You found it on level 4 of the Lair of Beasts)
 18989 | Lair:4   | Identified the +4 great mace of Exquisite Torment {venom,
                  | rF+} (You found it on level 7 of the Dungeon)
 20168 | Lair:6   | Entered Level 6 of the Lair of Beasts
 20178 | Lair:5   | Gained mutation: You regenerate magic rapidly. [demonic
                  | ancestry]
 20178 | Lair:5   | Reached XP level 14. HP: 93/95 MP: 24/24
 20339 | Lair:6   | Reached skill level 15 in Invocations
 20849 | Lair:6   | Got a pair of faintly glowing gloves
 21349 | Lair:6   | Reached skill level 5 in Fighting
 21668 | Lair:6   | Got a brightly glowing robe
 21774 | Lair:6   | Identified the cursed +1 robe "Jecvekh" {+Blink} (You found
                  | it on level 6 of the Lair of Beasts)
 21779 | Lair:6   | Learned a level 2 spell: Blink
 21783 | Lair:6   | Learned a level 3 spell: Lesser Beckoning
 21787 | Lair:6   | Learned a level 3 spell: Teleport Other
 22493 | D:12     | Reached skill level 1 in Translocations
 22762 | D:13     | Reached ****** piety under Qazlal
 22790 | D:13     | Noticed an ironheart preserver
 22819 | D:13     | Killed an ironheart preserver
 22900 | D:13     | Found a gate to the Vaults.
 23044 | D:13     | Noticed Azrael
 23063 | D:13     | Killed Azrael
 23216 | D:13     | You fall into a shaft and drop 2 floors!
 23216 | D:15     | Entered Level 15 of the Dungeon
 23380 | D:14     | Gained mutation: You regenerate health from kills. [demonic
                  | ancestry]
 23380 | D:14     | Reached XP level 15. HP: 103/105 MP: 27/27
 23424 | D:14     | Identified Roxanne's Collected Works on Transmigration
 23424 | D:14     | Noticed Roxanne
 23717 | D:14     | Found a glowing silver altar of Zin.
 23953 | D:14     | Found a portal to a secret trove of treasure.
 24219 | D:14     | Killed Roxanne
 24476 | D:5      | Bought -1 pearl dragon scales for 1045 gold pieces
 24704 | D:14     | You paid a toll of -1 pearl dragon scales to enter a
                  | treasure trove
 24705 | Trove    | Entered a treasure trove
 24724 | Trove    | Got a transparent silver ring
 24730 | Trove    | Got a twitching steel ring
 24732 | Trove    | Got a flickering lead ring
 24738 | Trove    | Got a vibrating iron ring
 24740 | Trove    | Got a translucent platinum ring
 24750 | Trove    | Identified the ring of Wuapu {rPois SInv} (You found it in
                  | a treasure trove)
 24772 | Trove    | Got a bound steel ring
 24784 | D:14     | Identified the ring of Gluttony {+Fly rN+ Int+8 Dex-3
                  | Stlth-} (You found it in a treasure trove)
 24898 | Orc:1    | Entered Level 1 of the Orcish Mines
 25079 | Orc:1    | Found a roughly hewn altar of Beogh.
 25115 | Orc:2    | Entered Level 2 of the Orcish Mines
 25232 | Orc:2    | Noticed an orc warlord
 25252 | Orc:2    | Killed an orc warlord
 25339 | Orc:2    | Found Nathrok's Antique Weapon Shop.
 25339 | Orc:2    | Found Wautepp's Jewellery Emporium.
 25359 | Orc:2    | Found a roughly hewn altar of Beogh.
 25410 | Orc:2    | Found a frozen archway.
 25443 | IceCv    | Entered an ice cave
 25982 | Orc:2    | Found a roughly hewn altar of Beogh.
 26005 | Orc:2    | Found Salefumn's Armour Shop.
 26005 | Orc:2    | Found Anafam's Book Emporium.
 26022 | Orc:2    | Bought the cursed +0 shield of an ossuary {rF+ Int+4} for
                  | 358 gold pieces
 26254 | Orc:2    | Found a staircase to the Elven Halls.
 27391 | D:15     | Found a staircase to the Depths.
 27722 | D:13     | Found a blossoming altar of Fedhas.
 27997 | D:4      | Bought a scroll of identify for 26 gold pieces
 27997 | D:4      | Bought a scroll of acquirement for 676 gold pieces
 27997 | D:4      | Identified the ring of the Burgomaster {rPois rF- MP+9
                  | Dex+3} (You found it in a treasure trove)
 28216 | Elf:1    | Entered Level 1 of the Elven Halls
 28246 | Elf:1    | Found a radiant altar of Vehumet.
 28474 | Elf:1    | Reached skill level 5 in Translocations
 28575 | Elf:1    | Noticed a Brimstone Fiend
 28577 | Elf:1    | Reached XP level 16. HP: 109/116 MP: 21/29
 28634 | Elf:1    | Found Guixo's Assorted Antiques.
 28734 | Elf:1    | Found a radiant altar of Vehumet.
 29061 | Elf:1    | Noticed Kirke
 29321 | Elf:1    | Noticed a sphinx
 29340 | Elf:1    | Killed Kirke
 29631 | Elf:2    | Found Ucarphoug's Gadget Boutique.
 30108 | Elf:2    | Found a huge runed translucent gate.
 30108 | Elf:2    | Found a huge runed translucent gate.
 30110 | Elf:2    | Found a huge runed translucent gate.
 30111 | Elf:2    | Found a huge runed translucent gate.
 30113 | Elf:2    | Found a huge runed translucent gate.
 30212 | Elf:3    | Entered Level 3 of the Elven Halls
 30354 | Elf:3    | Found Leamp's Armour Shop.
 30361 | Elf:3    | Noticed Aizul
 30388 | Elf:3    | Killed Aizul
 30410 | Elf:3    | Found Wovimpou's Food Shop.
 30415 | Elf:3    | Found Jokhyr's Magic Scroll Boutique.
 30422 | Elf:3    | Identified the cursed +0 hat "Zidiuxos" {Slay+4} (You found
                  | it on level 3 of the Elven Halls)
 30434 | Elf:3    | Bought a scroll of identify for 34 gold pieces
 30434 | Elf:3    | Bought a scroll of identify for 34 gold pieces
 30434 | Elf:3    | Bought 3 scrolls of identify for 102 gold pieces
 30434 | Elf:3    | Bought a scroll of identify for 34 gold pieces
 30434 | Elf:3    | Identified the ring "Opesus" {rElec rF+} (You found it in a
                  | treasure trove)
 30437 | Elf:3    | Identified the ring "Zesiam" {Fire +Fly Str+3 Int+4} (You
                  | found it in a treasure trove)
 30439 | Elf:3    | Identified the ring "Joellaat" {+Fly Str+4 Int+3 Stlth+}
                  | (You found it in a treasure trove)
 30528 | Elf:3    | Bought the +2 hat of the Bear Spirit {Spirit, +Rage rN+
                  | MR++} for 625 gold pieces
 30528 | Elf:3    | Found the +2 hat of the Bear Spirit {Spirit, +Rage rN+
                  | MR++}
 30740 | Elf:3    | Found Loyfaffan's Book Boutique.
 30798 | Elf:3    | Found Sinarea's Antique Weapon Boutique.
 30813 | Elf:3    | Noticed a deep elf master archer
 30819 | Elf:3    | Noticed a deep elf blademaster
 30830 | Elf:3    | Killed a deep elf blademaster
 30845 | Elf:3    | Killed a deep elf master archer
 30946 | Elf:3    | Noticed an Executioner
 30949 | Elf:3    | Gained mutation: You are robust. (+10% HP) [demonic
                  | ancestry]
 30949 | Elf:3    | Reached XP level 17. HP: 62/137 MP: 23/30
 31058 | Elf:3    | Identified the amulet of Osanteto {Harm *Drain rC+ Slay-5
                  | SInv}
 31132 | Elf:3    | Identified the ring of Petteh {*Tele +Inv Int+3 Dex-2}
 31132 | Elf:3    | Noticed a deep elf blademaster
 31165 | Elf:3    | Killed a deep elf blademaster
 31251 | Elf:3    | Identified the +4 scale mail of Trog's Hope {+Blink rElec}
 31251 | Elf:3    | Noticed a deep elf master archer
 31260 | Elf:3    | Identified the +2 great sword of Blind Justice {slice,
                  | rC++}
 31264 | Elf:3    | Identified the +5 morningstar "Upaogyng" {crush, rElec
                  | rPois}
 31269 | Elf:3    | Killed a deep elf master archer
 31273 | Elf:3    | Identified the +5 ring mail of Kikubaaqudgha's Pride
                  | {Int+7}
 31273 | Elf:3    | Noticed a deep elf blademaster
 31470 | Elf:3    | Killed a deep elf blademaster
 31611 | Elf:3    | Noticed a deep elf master archer
 31621 | Elf:3    | Killed a deep elf master archer
 31704 | Elf:3    | Got a scorched hat
 31770 | Elf:3    | Learned a level 2 spell: Song of Slaying
 32137 | Shoals:1 | Entered Level 1 of the Shoals
 32213 | Shoals:1 | Reached skill level 1 in Armour
 32264 | Shoals:1 | Noticed Jorgrun
 32277 | Shoals:1 | Killed Jorgrun
 32277 | Shoals:1 | Reached skill level 1 in Charms
 32331 | Shoals:1 | Identified the +2 hat "Veadowk" {rC+ MR- Int+3} (You found
                  | it on level 3 of the Elven Halls)
 32471 | Shoals:1 | Noticed a kraken
 32549 | Shoals:1 | Killed a kraken
 33758 | Shoals:3 | Found a hide-covered altar of Uskayaw.
 33784 | Shoals:3 | Reached skill level 10 in Shields
 33814 | Shoals:3 | Noticed Polyphemus
 33829 | Shoals:3 | Killed Polyphemus
 33903 | Shoals:3 | Got a steaming longbow
 34458 | Shoals:4 | Entered Level 4 of the Shoals
 34459 | Shoals:4 | Noticed Ilsuiw
 34462 | Shoals:4 | Gained mutation: When low on magic, you restore magic in
                  | place of health. [demonic ancestry]
 34462 | Shoals:4 | Reached XP level 18. HP: 146/146 MP: 32/32
 34521 | Shoals:4 | Killed Ilsuiw
 34773 | Shoals:4 | Reached skill level 5 in Armour
 35270 | Shoals:4 | Got a barnacled rune of Zot
 35279 | Shoals:4 | Identified the +4 scimitar "Qopliz" {venom, *Slow rPois
                  | rF+++ Str+3}
 35896 | Vaults:1 | Entered Level 1 of the Vaults
 37232 | Vaults:1 | Identified the +6 longbow of Neurosis {flame, -Tele rPois
                  | rF+++ rC-} (You found it on level 3 of the Shoals)
 37295 | Vaults:2 | Gained mutation: You regenerate a lot of health from kills.
                  | [demonic ancestry]
 37295 | Vaults:2 | Reached XP level 19. HP: 151/151 MP: 33/33
 37351 | Vaults:2 | Reached skill level 5 in Charms
 38121 | Vaults:2 | Found a staircase to the Crypt.
 39239 | Vaults:3 | Noticed Xtahua
 39282 | Vaults:3 | Killed Xtahua
 39935 | Vaults:3 | Reached XP level 20. HP: 154/161 MP: 35/35
 40163 | Vaults:3 | Reached skill level 10 in Fighting
 40958 | Vaults:3 | Got a warped cloak
 40959 | Vaults:3 | Identified the +1 cloak of Hedge Wizardry {rPois Int-5
                  | Slay+4} (You acquired it on level 3 of the Vaults)
 41131 | Vaults:4 | Reached skill level 10 in Armour
 41150 | Vaults:4 | Reached skill level 10 in Translocations
 42503 | Depths:1 | Entered Level 1 of the Depths
 42510 | Depths:1 | Reached XP level 21. HP: 169/169 MP: 36/36
 42587 | D:15     | Upgraded the game from 0.25-a0-292-gaa31f046c4 to
                  | 0.25-a0-294-gea9b1ad378
 42813 | Spider:1 | Entered Level 1 of the Spider Nest
 43216 | Spider:2 | Noticed Arachne
 43238 | Spider:2 | Killed Arachne
 44370 | Spider:3 | Noticed Bai Suzhen
 44416 | Spider:3 | Killed Bai Suzhen
 45030 | Spider:3 | Found a runed translucent gate.
 45033 | Spider:3 | Found a runed translucent gate.
 45034 | Spider:3 | Found a runed translucent gate.
 45034 | Spider:3 | Noticed Jom Ituh's ghost (adept DDFi)
 45063 | Spider:3 | Killed Jom Ituh's ghost
 45078 | Spider:3 | Got a pair of slimy boots
 45087 | Spider:3 | Identified the cursed +0 pair of boots of Incorporation
                  | {Int+4} (You found it on level 3 of the Spider Nest)
 45202 | Spider:4 | Entered Level 4 of the Spider Nest
 45207 | Spider:4 | Learned a level 3 spell: Regeneration
 45323 | Spider:4 | Reached skill level 1 in Spellcasting
 46240 | Spider:4 | Identified the ring "Ismukogh" {rPois rF+ Int+4} (You found
                  | it on level 4 of the Spider Nest)
 46296 | Spider:4 | Got a gossamer rune of Zot
 47055 | Depths:1 | Gained mutation: You are very robust. (+20% HP) [demonic
                  | ancestry]
 47055 | Depths:1 | Reached XP level 22. HP: 162/198 MP: 38/38
 47176 | Depths:1 | Found a shimmering altar of Xom.
 47320 | Depths:1 | Found a gateway to Hell.
 47849 | Depths:2 | Found Acorhatt's Armour Boutique.
 48284 | Depths:2 | Found Darotogu's Jewellery Boutique.
 48285 | Depths:2 | Found Duchigg's Gadget Emporium.
 48286 | Depths:2 | Found Kyfi's Jewellery Boutique.
 48669 | Depths:3 | Paralysed by a floating eye for 3 turns
 48677 | Depths:3 | Noticed a caustic shrike
 48699 | Depths:3 | Killed a caustic shrike
 48770 | Depths:3 | Noticed a caustic shrike
 48789 | Depths:2 | Killed a caustic shrike
 49299 | Depths:3 | Found a one-way gate leading to the halls of Pandemonium.
 49668 | Depths:3 | Identified the +0 pair of gloves "Siyladywniy" {*Drain
                  | rPois rF- rN++} (You acquired it on level 3 of the Depths)
 49854 | Depths:3 | Reached skill level 5 in Spellcasting
 49905 | Depths:3 | Gained mutation: You have very sharp fingernails. [demonic
                  | ancestry]
 49905 | Depths:3 | Reached XP level 23. HP: 205/207 MP: 39/39
 50449 | Depths:4 | Found a gateway to a ziggurat.
 50525 | Depths:4 | Found a one-way gate to the infinite horrors of the Abyss.
 50628 | Depths:4 | Found a glowing silver altar of Zin.
 51056 | Depths:4 | Found the +9 sword of Zonguldrok {reap}
 51496 | Crypt:1  | Entered Level 1 of the Crypt
 51685 | Crypt:1  | Found a runed translucent gate.
 51686 | Crypt:1  | Found a runed translucent gate.
 51686 | Crypt:1  | Found a runed translucent gate.
 51687 | Crypt:1  | Found an opulent altar of Gozag.
 51687 | Crypt:1  | Found Cuol's Assorted Antiques.
 51687 | Crypt:1  | Noticed Hah Honi's ghost (adept GrFi)
 51690 | Crypt:1  | Found Hyituxzao's Assorted Antiques.
 51693 | Crypt:1  | Got a fine ruby amulet
 51694 | Crypt:1  | Identified the amulet of the Gastropod {Faith rN+} (You
                  | found it on level 1 of the Crypt)
 51784 | Crypt:1  | Killed Hah Honi's ghost
 51945 | Crypt:1  | Bought a potion of heal wounds for 160 gold pieces
 53594 | Crypt:3  | Entered Level 3 of the Crypt
 53655 | Crypt:3  | Reached XP level 24. HP: 218/218 MP: 39/39
 53676 | Crypt:3  | Gained mutation: You are extremely robust. (+30% HP)
                  | [demonic ancestry]
 53676 | Crypt:3  | Reached XP level 25. HP: 218/244 MP: 39/39
 53726 | Crypt:3  | Noticed an ancient lich
 53746 | Crypt:3  | Killed an ancient lich
 54116 | Crypt:3  | Found a staircase to the Tomb.
 54586 | Crypt:3  | Found an ancient bone altar of Kikubaaqudgha.
 54589 | Crypt:3  | Found a basalt altar of Yredelemnul.
 54595 | Crypt:3  | Identified the +4 scale mail of Gehenna {rElec} (You found
                  | it on level 3 of the Crypt)
 54614 | Crypt:3  | Identified the +5 scale mail "Xuguwea" {rC- Str+4} (You
                  | found it on level 3 of the Crypt)
 54652 | Crypt:3  | Identified the +8 chain mail of Exclusion {Dex+3} (You
                  | found it on level 3 of the Crypt)
 54654 | Crypt:3  | Got a glittering steel ring
 54660 | Crypt:3  | Identified the ring of Othov {Wiz +Inv rC- Dex+8 SInv} (You
                  | found it on level 3 of the Crypt)
 55410 | Vaults:5 | Entered Level 5 of the Vaults
 55417 | Vaults:5 | Reached skill level 1 in Necromancy
 55445 | Vaults:4 | Reached skill level 15 in Shields
 55466 | Vaults:5 | Reached skill level 27 in Invocations
 55481 | Vaults:5 | Reached XP level 26. HP: 229/258 MP: 40/40
 55990 | Vaults:5 | Reached skill level 15 in Fighting
 56017 | Vaults:5 | Found Heuhuh's Jewellery Shop.
 56081 | Vaults:5 | Identified Xoet's Compendium of Helpful Attacks
 56137 | Vaults:5 | Got a silver rune of Zot
 56195 | Vaults:5 | Identified the cursed +0 ring mail of Starshine {rF+ rN+}
                  | (You found it on level 5 of the Vaults)
 57005 | Depths:5 | Entered Level 5 of the Depths
 57253 | Depths:5 | Found a gate to the Realm of Zot.
 58191 | Hell     | Entered the Vestibule of Hell
 58191 | Hell     | Noticed Geryon
 58209 | Hell     | Killed Geryon
 58388 | Hell     | Found a gateway to the freezing wastes of Cocytus.
 58478 | Hell     | Gained mutation: You have claws for hands. [demonic
                  | ancestry]
 58478 | Hell     | Reached XP level 27. HP: 273/273 MP: 40/40
 58534 | Hell     | Found a gateway to the decaying netherworld of Tartarus.
 58585 | Hell     | Found a gateway to the ashen valley of Gehenna.
 58709 | Hell     | Found a gateway to the Iron City of Dis.
 58863 | Depths:4 | Voluntarily entered the Abyss.
 59709 | Abyss:3  | Gained mutation: You tend to lose your temper in combat. [a
                  | neqoxec]
 59715 | Abyss:3  | Paralysed by accursed screaming for 1 turns
 59716 | Abyss:3  | Gained mutation: You are clumsy. (Dex -2) [a neqoxec]
 59732 | Abyss:3  | Gained mutation: Your magical capacity is low. (-10% MP) [a
                  | neqoxec]
 60076 | Abyss:3  | Got an abyssal rune of Zot
 60193 | Abyss:3  | Paralysed by accursed screaming for 1 turns
 60203 | Abyss:3  | Paralysed by accursed screaming for 2 turns
 60251 | Abyss:3  | Paralysed by accursed screaming for 1 turns
 60437 | Abyss:3  | Gained mutation: Scrolls take you a little longer to read.
                  | [a shining eye]
 60603 | Abyss:3  | Lost mutation: Scrolls take you a little longer to read.
                  | [potion of mutation]
 60603 | Abyss:3  | Lost mutation: Your magical capacity is low. (-10% MP)
                  | [potion of mutation]
 60603 | Abyss:3  | Lost mutation: You are clumsy. (Dex -2) [potion of
                  | mutation]
 60603 | Abyss:3  | Lost mutation: You tend to lose your temper in combat.
                  | [potion of mutation]
 60603 | Abyss:3  | Gained mutation: Your flesh is heat resistant. (rF+)
                  | [potion of mutation]
 60603 | Abyss:3  | Gained mutation: You are resistant to hostile enchantments.
                  | (MR+) [potion of mutation]
 60704 | Abyss:3  | Found a shimmering blue altar of Sif Muna.
 60732 | Abyss:3  | Got a wavering jade amulet
 60769 | Abyss:3  | Identified the amulet of Checkmate {RegenMP *Drain rElec
                  | Int+3 Dex+4} (You found it on level 3 of the Abyss)
 61011 | Abyss:3  | Gained mutation: Scrolls take you a little longer to read.
                  | [a neqoxec]
 61145 | Abyss:3  | Gained mutation: Your spells are a little easier to cast,
                  | but a little less powerful. [a neqoxec]
 61157 | Abyss:3  | Reached skill level 15 in Dodging
 61190 | Abyss:3  | Gained mutation: Your spells are easier to cast, but less
                  | powerful. [a neqoxec]
 61192 | Abyss:3  | Gained mutation: You tend to lose your temper in combat. [a
                  | neqoxec]
 61412 | Depths:4 | Escaped the Abyss
 61422 | Depths:4 | Lost mutation: You tend to lose your temper in combat.
                  | [potion of mutation]
 61422 | Depths:4 | Lost mutation: You are resistant to hostile enchantments.
                  | (MR+) [potion of mutation]
 61422 | Depths:4 | Lost mutation: Scrolls take you a little longer to read.
                  | [potion of mutation]
 61422 | Depths:4 | Gained mutation: Scrolls take you a little longer to read.
                  | [potion of mutation]
 61422 | Depths:4 | Gained mutation: You have a pair of small horns on your
                  | head. [potion of mutation]
 61422 | Depths:4 | Gained mutation: You are somewhat resistant to further
                  | mutation. [potion of mutation]
 61423 | Depths:4 | Lost mutation: Scrolls take you a little longer to read.
                  | [potion of mutation]
 61423 | Depths:4 | Lost mutation: Your flesh is heat resistant. (rF+) [potion
                  | of mutation]
 61423 | Depths:4 | Lost mutation: You have a pair of small horns on your head.
                  | [potion of mutation]
 61423 | Depths:4 | Lost mutation: Your spells are easier to cast, but less
                  | powerful. [potion of mutation]
 61491 | Zot:1    | Entered Level 1 of the Realm of Zot
 61773 | Zot:1    | Found Ybafaunu's Changing Room.
 61790 | Zot:1    | Bought 2 potions of mutation for 224 gold pieces
 61790 | Zot:1    | Bought a potion of mutation for 112 gold pieces
 63584 | Zot:2    | Identified the +4 dragonskin cloak
 63584 | Zot:2    | Noticed Tiamat
 63611 | Zot:2    | Reached skill level 5 in Necromancy
 63650 | Zot:2    | Killed Tiamat
 65885 | Zot:4    | Reached skill level 27 in Unarmed Combat
 66094 | Zot:4    | Identified the +1 scale mail "Utuim" {Dex+4} (You found it
                  | on level 4 of the Realm of Zot)
 66257 | Zot:4    | Reached skill level 10 in Necromancy
 66844 | Zot:4    | Identified the +5 ring mail "Awkuit" {rElec rF+} (You found
                  | it on level 4 of the Realm of Zot)
 66868 | Zot:4    | Learned a level 5 spell: Dispel Undead
 67060 | Pan      | Entered Pandemonium
 67360 | Pan      | Noticed Vutosiedgh the pandemonium lord
 67382 | Pan      | Killed Vutosiedgh the pandemonium lord
 67566 | Pan      | Entered the realm of Gloorx Vloq.
 67735 | Pan      | Noticed Gloorx Vloq
 67753 | Pan      | Killed Gloorx Vloq
 67753 | Pan      | Reached skill level 10 in Charms
 67818 | Pan      | Got a dark rune of Zot
 68144 | Pan      | Noticed Kon Vyocuedi the pandemonium lord
 68186 | Pan      | Killed Kon Vyocuedi the pandemonium lord
 68509 | Pan      | Identified the +4 helmet of the Spheres {Int+2} (You found
                  | it in Pandemonium)
 68630 | Pan      | Noticed Dusaydown the pandemonium lord
 68660 | Pan      | Cast into level 5 of the Abyss (Dusaydown)
 68660 | Abyss:5  | Entered Level 5 of the Abyss
 68831 | Pan      | Escaped the Abyss
 69079 | Pan      | Entered the realm of Cerebov.
 69230 | Pan      | Identified the cursed +1 plate armour of the Cockatrice
                  | {rF+ rN+} (You found it in Pandemonium)
 69340 | Pan      | Learned a level 8 spell: Death's Door
 69349 | Pan      | Learned a level 8 spell: Borgnjor's Revivification
 69493 | Pan      | Identified the Incunabulum of Precision Catastrophes
 69556 | Pan      | Identified the +6 sword of Cerebov {flame}
 69556 | Pan      | Noticed Cerebov
 69603 | Pan      | Killed Cerebov
 69657 | Pan      | Got a fiery rune of Zot
 69677 | Pan      | Identified the +2 ring mail of Uskayaw's Fury {Stlth+} (You
                  | found it in Pandemonium)
 70022 | Pan      | Found an exit through the horrors of the Abyss.
 70214 | Pan      | Noticed Dicagiur the pandemonium lord
 70232 | Pan      | Killed Dicagiur the pandemonium lord
 70299 | Pan      | Got a demonic rune of Zot
 70325 | Pan      | Entered the realm of Lom Lobon.
 70838 | Pan      | Noticed Lom Lobon
 70873 | Pan      | Killed Lom Lobon
 70904 | Pan      | Got a magical rune of Zot
 71311 | Pan      | Found a runed translucent door.
 71569 | Pan      | Found a runed translucent door.
 71580 | Pan      | Got a coiled silver ring
 71582 | Pan      | Found a runed translucent door.
 71610 | Pan      | Noticed Socisopt the pandemonium lord
 71644 | Pan      | Identified the cursed +2 halberd of Earthquakes {chop, rF++
                  | Str+6}
 71800 | Pan      | Reached skill level 15 in Necromancy
 71835 | Pan      | Identified the ring "Ripp" {Wiz rPois rC- Str+4} (You found
                  | it in Pandemonium)
 72015 | Pan      | Entered the realm of Mnoleg.
 72057 | Pan      | Gained mutation: Armour fits poorly on your strangely
                  | shaped body. [a neqoxec]
 72102 | Pan      | Noticed Mnoleg
 72135 | Pan      | Killed Mnoleg
 72210 | Pan      | Gained mutation: You are clumsy. (Dex -2) [a cacodemon]
 72257 | Pan      | Gained mutation: You do not regenerate when monsters are
                  | visible. [a neqoxec]
 72305 | Pan      | Got a glowing rune of Zot
 72806 | Pan      | Noticed Sotut the pandemonium lord
 72825 | Pan      | Killed Sotut the pandemonium lord
 73168 | Pan      | Found an exit through the horrors of the Abyss.
 73183 | Pan      | Took an exit into the Abyss.
 73183 | Abyss:1  | Escaped into the Abyss
 73331 | Depths:4 | Escaped the Abyss
 73546 | Depths:4 | Lost mutation: Armour fits poorly on your strangely shaped
                  | body. [potion of mutation]
 73546 | Depths:4 | Lost mutation: You are clumsy. (Dex -2) [potion of
                  | mutation]
 73546 | Depths:4 | Lost mutation: You are somewhat resistant to further
                  | mutation. [potion of mutation]
 73546 | Depths:4 | Gained mutation: Your flesh is heat resistant. (rF+)
                  | [potion of mutation]
 73546 | Depths:4 | Gained mutation: You expend magic power (3 MP) to
                  | strengthen your wands. [potion of mutation]
 73546 | Depths:4 | Gained mutation: You are resistant to hostile enchantments.
                  | (MR+) [potion of mutation]
 73547 | Depths:4 | Lost mutation: Your spells are a little easier to cast, but
                  | a little less powerful. [potion of mutation]
 73547 | Depths:4 | Lost mutation: You are resistant to hostile enchantments.
                  | (MR+) [potion of mutation]
 73547 | Depths:4 | Lost mutation: You expend magic power (3 MP) to strengthen
                  | your wands. [potion of mutation]
 73547 | Depths:4 | Lost mutation: Your flesh is heat resistant. (rF+) [potion
                  | of mutation]
 73547 | Depths:4 | Gained mutation: You have very sharp teeth. [potion of
                  | mutation]
 73547 | Depths:4 | Gained mutation: You passively map a small area around you.
                  | [potion of mutation]
 73548 | Depths:4 | Lost mutation: You passively map a small area around you.
                  | [potion of mutation]
 73548 | Depths:4 | Lost mutation: You do not regenerate when monsters are
                  | visible. [potion of mutation]
 73548 | Depths:4 | Gained mutation: You are resistant to hostile enchantments.
                  | (MR+) [potion of mutation]
 73548 | Depths:4 | Gained mutation: You are highly resistant to hostile
                  | enchantments. (MR++) [potion of mutation]
 74043 | Lair:6   | Found a staircase to the Slime Pits.
 74083 | Slime:1  | Entered Level 1 of the Pits of Slime
 74224 | Slime:3  | Gained mutation: Scrolls take you a little longer to read.
                  | [a shining eye]
 74265 | Slime:4  | Noticed Dissolution
 74276 | Slime:4  | Killed Dissolution
 74377 | Slime:5  | Entered Level 5 of the Pits of Slime
 74429 | Slime:4  | Reached skill level 15 in Charms
 74489 | Slime:5  | Noticed the Royal Jelly
 74524 | Slime:5  | Killed the Royal Jelly
 74932 | Slime:5  | Got a flickering pewter ring
 74935 | Slime:5  | Identified the ring of Valucos {MR+ Dex+3} (You found it on
                  | level 5 of the Pits of Slime)
 74948 | Slime:5  | Identified the Almanac of Unholy Rituals and Bewitchment
 74971 | Slime:5  | Identified the +4 chain mail of Twilight {+Inv MR- Str+8
                  | Stlth+} (You found it on level 5 of the Pits of Slime)
 74983 | Slime:5  | Got a wavering lead ring
 74986 | Slime:5  | Identified the ring "Hoat" {rN+ MR+ EV+2 Str-2} (You found
                  | it on level 5 of the Pits of Slime)
 75017 | Slime:5  | Identified the Grimoire of Pessimism
 75030 | Slime:5  | Identified the +1 ring mail "Uheusa Tira" {+Fly rElec Int+7
                  | Dex+2} (You found it on level 5 of the Pits of Slime)
 75031 | Slime:5  | Got a slimy rune of Zot
 75576 | Tomb:1   | Entered Level 1 of the Tomb of the Ancients
 75791 | Tomb:1   | Noticed a greater mummy
 75793 | Tomb:1   | Noticed a greater mummy
 75803 | Tomb:1   | Killed a greater mummy
 75811 | Tomb:1   | Killed a greater mummy
 76674 | Tomb:2   | Noticed an ancient lich
 76674 | Tomb:2   | Noticed a greater mummy
 76674 | Tomb:2   | Noticed a greater mummy
 76676 | Tomb:2   | Noticed a greater mummy
 76677 | Tomb:2   | Noticed a greater mummy
 76684 | Tomb:2   | Killed an ancient lich
 76686 | Tomb:2   | Killed a greater mummy
 76686 | Tomb:2   | Killed a greater mummy
 76691 | Tomb:2   | Killed a greater mummy
 76694 | Tomb:2   | Killed a greater mummy
 77040 | Tomb:1   | Noticed a greater mummy
 77044 | Tomb:1   | Noticed a greater mummy
 77044 | Tomb:1   | Noticed a greater mummy
 77473 | Tomb:1   | Killed a greater mummy
 77505 | Tomb:1   | Killed a greater mummy
 77507 | Tomb:1   | Noticed a greater mummy
 77526 | Tomb:1   | Killed a greater mummy
 77718 | Tomb:1   | Noticed a greater mummy
 77731 | Tomb:1   | Killed a greater mummy
 78043 | Tomb:1   | Noticed a greater mummy
 78055 | Tomb:1   | Killed a greater mummy
 78502 | Tomb:1   | Noticed a greater mummy
 78515 | Tomb:1   | Killed a greater mummy
 78674 | Tomb:1   | Noticed a greater mummy
 78685 | Tomb:1   | Killed a greater mummy
 78710 | Tomb:1   | Killed a greater mummy
 78710 | Tomb:1   | Noticed a greater mummy
 78712 | Tomb:1   | Noticed a greater mummy
 78716 | Tomb:1   | Killed a greater mummy
 78726 | Tomb:1   | Killed a greater mummy
 79456 | Tomb:3   | Entered Level 3 of the Tomb of the Ancients
 79507 | Tomb:3   | Noticed a greater mummy
 79516 | Tomb:3   | Noticed a greater mummy
 79520 | Tomb:3   | Killed a greater mummy
 79520 | Tomb:3   | Noticed a greater mummy
 79527 | Tomb:3   | Noticed an ancient lich
 79534 | Tomb:3   | Killed a greater mummy
 79535 | Tomb:3   | Noticed a greater mummy
 79541 | Tomb:3   | Killed an ancient lich
 79543 | Tomb:3   | Noticed a greater mummy
 79558 | Tomb:3   | Killed a greater mummy
 79559 | Tomb:3   | Killed a greater mummy
 79570 | Tomb:3   | Killed a greater mummy
 79584 | Tomb:3   | Noticed a greater mummy
 79598 | Tomb:3   | Killed a greater mummy
 79625 | Tomb:3   | Noticed a greater mummy
 79639 | Tomb:3   | Killed a greater mummy
 79743 | Tomb:3   | Noticed an ancient lich
 79749 | Tomb:3   | Killed an ancient lich
 79972 | Tomb:3   | Identified Sif Muna's Volume of Flight
 80009 | Tomb:3   | Identified the +2 helmet of the Okapi {MR+ Str+6} (You
                  | found it on level 3 of the Tomb of the Ancients)
 80014 | Tomb:3   | Identified the ring of Oseguf {*Tele +Blink rC- Dex+2} (You
                  | found it on level 3 of the Tomb of the Ancients)
 80029 | Tomb:3   | Identified Raidwurph's Handbook of Helpful Fire
 80062 | Tomb:3   | Identified the +4 scale mail "Ducy" {+Fly MP+9} (You found
                  | it on level 3 of the Tomb of the Ancients)
 80114 | Tomb:3   | Got a golden rune of Zot
 80835 | Hell     | Lost mutation: You have very sharp teeth. [potion of
                  | mutation]
 80835 | Hell     | Lost mutation: Scrolls take you a little longer to read.
                  | [potion of mutation]
 80835 | Hell     | Lost mutation: You are highly resistant to hostile
                  | enchantments. (MR++) [potion of mutation]
 80835 | Hell     | Gained mutation: Your body sometimes deteriorates upon
                  | taking damage. [potion of mutation]
 80835 | Hell     | Gained mutation: Your mind is acute. (Int +2) [potion of
                  | mutation]
 80835 | Hell     | Gained mutation: Your mind is very acute. (Int +4) [potion
                  | of mutation]
 80849 | Geh:1    | Entered Level 1 of Gehenna
 82191 | Geh:7    | Entered Level 7 of Gehenna
 82571 | Geh:7    | Identified the +7 sceptre of Asmodeus
 82571 | Geh:7    | Identified the ring of Usheuriw {*Tele rElec SInv}
 82571 | Geh:7    | Noticed Asmodeus
 82605 | Geh:7    | Killed Asmodeus
 82736 | Geh:7    | Got an obsidian rune of Zot
 82739 | Geh:7    | Identified Sif Muna's Catalogue of Helpful Creation
 82951 | Geh:7    | Gained mutation: Armour fits poorly on your strangely
                  | shaped body. [mutagenic glow]
 83631 | Depths:2 | Bought a scarf of resistance for 672 gold pieces
 83699 | Hell     | Lost mutation: Your body sometimes deteriorates upon taking
                  | damage. [potion of mutation]
 83699 | Hell     | Lost mutation: You are resistant to hostile enchantments.
                  | (MR+) [potion of mutation]
 83699 | Hell     | Gained mutation: You evolve. [potion of mutation]
 83699 | Hell     | Lost mutation: Your mind is very acute. (Int +4) [potion of
                  | mutation]
 83699 | Hell     | Gained mutation: You are covered in fur. (AC +1) [potion of
                  | mutation]
 83700 | Hell     | Lost mutation: You evolve. [potion of mutation]
 83700 | Hell     | Lost mutation: You are covered in fur. (AC +1) [potion of
                  | mutation]
 83700 | Hell     | Lost mutation: Armour fits poorly on your strangely shaped
                  | body. [potion of mutation]
 83700 | Hell     | Lost mutation: Your mind is acute. (Int +2) [potion of
                  | mutation]
 83700 | Hell     | Gained mutation: You are weak. (Str -2) [potion of
                  | mutation]
 83700 | Hell     | Gained mutation: You occasionally shout uncontrollably at
                  | your foes. [potion of mutation]
 83700 | Hell     | Gained mutation: Your flesh is heat resistant. (rF+)
                  | [potion of mutation]
 83700 | Hell     | Gained mutation: You have supernaturally acute eyesight.
                  | (SInv) [potion of mutation]
 83702 | Coc:1    | Entered Level 1 of Cocytus
 83929 | Coc:4    | Reached skill level 10 in Spellcasting
 84130 | Coc:6    | Noticed an ancient lich
 84147 | Coc:6    | Killed an ancient lich
 84245 | Coc:7    | Entered Level 7 of Cocytus
 84374 | Coc:7    | Noticed Antaeus
 84416 | Coc:7    | Killed Antaeus
 84436 | Coc:7    | Gained mutation: You are clumsy. (Dex -2) [mutagenic glow]
 84515 | Coc:7    | Got an icy rune of Zot
 84866 | Coc:7    | Got a brightly glowing marble ring
 85353 | Hell     | Identified the ring "Jonlonoh" {+Fly Dex+4} (You found it
                  | on level 7 of Cocytus)
 85367 | Tar:1    | Entered Level 1 of Tartarus
 86055 | Tar:7    | Entered Level 7 of Tartarus
 86374 | Tar:7    | Noticed Ereshkigal
 86444 | Tar:7    | Killed Ereshkigal
 86517 | Tar:7    | Got a bone rune of Zot
 86541 | Tar:7    | Noticed an ancient lich
 86553 | Tar:7    | Killed an ancient lich
 86830 | Dis:1    | Entered Level 1 of the Iron City of Dis
 87662 | Dis:7    | Entered Level 7 of the Iron City of Dis
 88327 | Dis:7    | Identified the +4 staff of Dispater
 88327 | Dis:7    | Noticed Dispater
 88351 | Dis:7    | Killed Dispater
 88365 | Dis:7    | Got an iron rune of Zot
 89175 | Crypt:1  | Bought a potion of haste for 380 gold pieces
 89176 | Crypt:1  | Lost mutation: You have supernaturally acute eyesight.
                  | (SInv) [potion of mutation]
 89176 | Crypt:1  | Gained mutation: You possess an exceptional clarity of
                  | mind. [potion of mutation]
 89176 | Crypt:1  | Gained mutation: You are somewhat resistant to further
                  | mutation. [potion of mutation]
 89637 | Zot:5    | Entered Level 5 of the Realm of Zot
 89774 | Zot:5    | Noticed an ancient lich
 89798 | Zot:5    | Killed an ancient lich
 89903 | Zot:5    | Noticed an ancient lich
 89919 | Zot:5    | Killed an ancient lich
 89980 | Zot:5    | Noticed an orb of fire
 89984 | Zot:5    | Gained mutation: Your magical capacity is low. (-10% MP)
                  | [an orb of fire]
 89996 | Zot:5    | Killed an orb of fire
 90017 | Zot:5    | Noticed an ancient lich
 90017 | Zot:5    | Noticed an orb of fire
 90032 | Zot:5    | Killed an orb of fire
 90046 | Zot:5    | Killed an ancient lich
 90113 | Zot:5    | Noticed an ancient lich
 90129 | Zot:5    | Killed an ancient lich
 90223 | Zot:5    | Noticed an orb of fire
 90229 | Zot:5    | Gained mutation: Your body sometimes deteriorates upon
                  | taking damage. [an orb of fire]
 90239 | Zot:5    | Killed an orb of fire
 90245 | Zot:5    | Lost mutation: Your magical capacity is low. (-10% MP)
                  | [potion of mutation]
 90245 | Zot:5    | Lost mutation: You are weak. (Str -2) [potion of mutation]
 90245 | Zot:5    | Lost mutation: You are somewhat resistant to further
                  | mutation. [potion of mutation]
 90245 | Zot:5    | Gained mutation: You are very clumsy. (Dex -4) [potion of
                  | mutation]
 90245 | Zot:5    | Lost mutation: Your flesh is heat resistant. (rF+) [potion
                  | of mutation]
 90245 | Zot:5    | Gained mutation: You are occasionally teleported next to
                  | monsters. [potion of mutation]
 90245 | Zot:5    | Gained mutation: You have a pair of small horns on your
                  | head. [potion of mutation]
 90302 | Zot:5    | Noticed an ancient lich
 90302 | Zot:5    | Noticed an ancient lich
 90333 | Zot:5    | Noticed an ancient lich
 90343 | Zot:5    | Killed an ancient lich
 90349 | Zot:5    | Killed an ancient lich
 90356 | Zot:5    | Noticed an ancient lich
 90368 | Zot:5    | Killed an ancient lich
 90373 | Zot:5    | Killed an ancient lich
 90503 | Zot:5    | Got the Orb of Zot
 90681 | Zot:2    | Noticed Farghui the pandemonium lord
 90687 | Zot:2    | Killed Farghui the pandemonium lord
 90692 | Zot:2    | Reached skill level 15 in Spellcasting
 90758 | Depths:5 | Noticed Gebliku the pandemonium lord
 90795 | Depths:4 | Killed Gebliku the pandemonium lord
 90956 | D:15     | Noticed Azoblixuan the pandemonium lord
 90989 | D:15     | Killed Azoblixuan the pandemonium lord
 91014 | D:15     | Noticed Faonekh the pandemonium lord
 91028 | D:15     | Killed Faonekh the pandemonium lord
 91366 | D:$      | Escaped with the Orb!

Levels and vault maps discovered:
D:1:      minmay_arrival_radiant_lines, layout_loops_ring
D:2:      layout_loops_corners, nicolae_overflow_crystal_walls,
          lightli_temple_of_fire, old_standard_altar
D:3:      layout_loops_corners, okawaru_altar_gauntlet_db, lemuel_doored_altar,
          overflow_temple_1_default, uniq_robin, uniq_sigmund
D:4:      layout_basic, nicolae_qazlal_general_emergency, first_ration,
          serial_shops, shop, uniq_natasha, uniq_grinder, uniq_blork_the_orc
D:5:      layout_rooms, lemuel_coloured_pillars_altar, serial_shops, shop,
          minmay_shop_damaged, kennysheep_opposing_triangles
D:6:      layout_rooms, lemuel_crystal_altar,
          minmay_temple_entry_statues_fountains, minmay_hollow_rounded_squares
D:7:      minmay_the_grid_triangle_9x9_rhombus_thin
          [minmay_the_grid_triangle_9x9_cache,
          minmay_the_grid_triangle_9x9_prize_insulated,
          minmay_the_grid_triangle_9x9_minimal,
          minmay_the_grid_triangle_9x9_corrupted_corridor], layout_rooms,
          fiery_altar_vehumet, grunt_ogre_cave, uniq_duvessa,
          uniq_crazy_yiuf_cottage, uniq_joseph
D:8:      kb_forest_paths, layout_basic, kennysheep_mini,
          nemelex_xobeh_ov_fountains_minmay, uniq_erica, uniq_psyche,
          uniq_harold
D:9:      minmay_evil_eye, layout_cave_pods, makhleb_heckhound_becter
D:10:     layout_irregular_city, david_lair_generic
D:11:     minmay_twisted_water, layout_loops_ring, david_orc_2,
          minmay_splitting_lines
D:12:     layout_roguey
D:13:     layout_rooms, skrybe_vaults_entry_preservation,
          fedhas_bush_and_centaur_altar, uniq_azrael
D:14:     layout_irregular_city, zin_angel, enter_trove_2,
          minmay_misc_feat_hallway, kennysheep_crisscross, chequers_garden,
          uniq_roxanne
D:15:     grunt_enter_depths_snipers, layout_stronghold, minmay_crystal_water
Temple:   compressed_dpeg_triangle_lava_temple
Lair:1:   layout_cave_pods, disabler_island, serial_bayou_shore_a
Lair:2:   dragon1_lemuel, layout_loops_ring, nicolae_volcano_entry_hallway,
          minmay_lair_oklob_chamber, grunt_megastairs_2
Lair:3:   layout_regular_city, minmay_shoals_entry_centaurs, dummy_spider_entry,
          grunt_megastairs_3
Lair:4:   layout_cave_pods, grunt_megastairs_4, uniq_snorg
Lair:5:   layout_cave_pods
Lair:6:   due_jungle_book, layout_misc_corridors,
          minmay_slime_entry_oklob_enclosed, patterned_corridor
Shoals:1: layout_shoals, uniq_jorgrun
Shoals:2: layout_shoals, nicolae_shoals_loop_pool
Shoals:3: layout_shoals, regret_index_shoals_crete, uniq_polyphemus
Shoals:4: shoals_end_grunt_garden, layout_shoals, shoals_ilsuiw_ice
Spider:1: layout_spider_delve
Spider:2: layout_spider_delve, uniq_arachne
Spider:3: layout_spider_delve, gammafunk_ghost_necromancy, uniq_bai_suzhen
Spider:4: grunt_spider_rune_parallel
Slime:1:  layout_caves
Slime:2:  layout_caves, basic_altar
Slime:3:  layout_caves
Slime:4:  cheibrodos_slime_lost_civilization_10, layout_caves,
          dissolution_awaits
Slime:5
Orc:1:    layout_caves, basic_altar
Orc:2:    st_orc_town, layout_diamond_mine, portal_ice_cave_rime,
          nicolae_orc_lost_temple
Elf:1:    eino_elf_arrival_altar, layout_geoelf_grid, serial_shops, shop,
          basic_altar, evilmike_minifort, minivault_16, uniq_kirke
Elf:2:    layout_geoelf_octagon, serial_shops, nicolae_shop_trees
Elf:3:    minmay_elf_hall_furrowed, layout_loops_ring, serial_shops, shop,
          nicolae_shop_trees, nicolae_shop_waterfront, shop, shop,
          hangedman_elf_targetted_burst, uniq_aizul
Vaults:1: nicolae_vaults_holding_cells, v_misc_15, hangedman_vaults_cutoff,
          grunt_vaults_funnel, hangedman_vaults_locks, nicolae_vaults_little_ls,
          hangedman_vaults_cutoff, layout_vaults_ring
Vaults:2: blue_anna_dwarven_crypt, nicolae_vaults_network_quinsquares
          [nicolae_vaults_network_quincunx_subvault,
          nicolae_vaults_network_quincunx_subvault,
          nicolae_vaults_network_quincunx_subvault,
          nicolae_vaults_network_quincunx_subvault], vaults_dpeg_cross,
          v_pattern_5, vaults_standard_mumra_lines,
          nicolae_vaults_network_quincunx
          [nicolae_vaults_network_quincunx_subvault,
          nicolae_vaults_network_quincunx_subvault,
          nicolae_vaults_network_quincunx_subvault,
          nicolae_vaults_network_quincunx_subvault,
          nicolae_vaults_network_quincunx_subvault], grunt_vaults_diagonal,
          nicolae_vaults_border_crossing, ontoclasm_vaults_chip,
          ontoclasm_vaults_twist, layout_vaults_chaotic_city
Vaults:3: nicolae_vaults_halls_meeting, hangedman_vaults_variations, v_misc_5,
          nicolae_vaults_little_squares_5, hangedman_vaults_pinch,
          vaults_standard_mumra_enter_the_diamond, v_pattern_4,
          vaults_room_pool, vaults_mumra_minichess, nicolae_vaults_shelves_hall,
          layout_vaults_quadrants, uniq_xtahua
Vaults:4: nicolae_vaults_little_squares_2, nicolae_vaults_twisting_passages,
          vaults_room_semicircle, v_rooms_4, nicolae_vaults_disjoint_gnomons,
          vaults_standard_mumra_enter_the_diamond, hangedman_vaults_restitches,
          hangedman_vaults_slice, ontoclasm_vaults_loading_screen,
          ontoclasm_vaults_decontamination, layout_vaults_maze_bifur
Vaults:5: serial_shops
Crypt:1:  layout_misc_corridors, ebering_ghost_gozag, serial_co_window_serial,
          co_window_paths_b, co_window_corner_a, co_window_corner_a,
          co_window_paths_b, co_window_corner_a, co_window_unsneaky_path_e,
          co_window_of_opportunity_b, co_window_corner_b,
          co_window_of_opportunity_b, co_window_paths_d, co_window_sun,
          glass_columns_b
Crypt:2:  layout_chaotic_city, nicolae_crypt_ancient_font,
          roderic_lattice_octagonal_star
Crypt:3:  lightli_unholy_cathedral, layout_chaotic_city,
          tomb_entry_forgotten_bobbens, weyrava_lich_vault
Tomb:1
Tomb:2
Tomb:3
Depths:1: layout_cross, minmay_crystal_room, pf_dread_powers_of_hell,
          minmay_misc_feat_four_crosses, xom_teletrap_fun, grunt_megastairs_5
Depths:2: minmay_angry_zag, layout_basic, hell_entry, serial_shops, shop,
          hangedman_abyss_or_decor_slice, serial_co_window_serial,
          co_window_corner_a, co_window_paths_a, co_window_corner_a,
          co_window_of_opportunity_a, co_window_paths_a,
          co_window_unsneaky_path_b, co_window_corner_b, co_window_paths_c,
          co_window_corner_ca, grunt_ministairs_2, lemuel_flamethrower_1,
          minmay_shop_grove
Depths:3: nicolae_legendary_halls, layout_cave_shapes,
          grunt_hell_entry_demonic_statue, rand_demon_pan_entry_3
Depths:4: mu_elephants_graveyard, layout_cave_pools, enter_ziggurat_a,
          pan_entry, lemuel_statue_altar, hell_entry, serial_sigils,
          serial_sigils_hangedman_clutch, abyss_entry,
          minmay_guarded_unrand_zonguldrok, minmay_staircase_windowed_small
Depths:5: grunt_zot_entry_tricorne, layout_honeycomb, abandoned_shop, hell_entry
Hell
Dis:1:    layout_overlapping_boxes
Dis:2:    layout_subdivisions
Dis:3:    layout_subdivisions, lemuel_elevator
Dis:4:    layout_chaotic_city, grunt_dis_stairs_iron_hall
Dis:5:    layout_regular_city
Dis:6:    layout_regular_city
Dis:7:    dis_hangedman
Geh:1:    layout_gehenna_lava_caves
Geh:2:    layout_gehenna_lava_caves
Geh:3:    layout_gehenna_pools_basic
Geh:4:    layout_gehenna_lava_caves
Geh:5:    layout_gehenna_pools_triple
Geh:6:    layout_gehenna_lava_caves
Geh:7:    geh_grunt_pentagon
Coc:1:    layout_ice_bergs
Coc:2:    layout_ice_bergs
Coc:3:    layout_cocytus_water_paths
Coc:4:    layout_ice_bergs
Coc:5:    layout_cocytus_water_paths
Coc:6:    layout_ice_bergs
Coc:7:    coc_dpeg
Tar:1:    layout_grid_maze
Tar:2:    layout_cathedral_of_symmetry
Tar:3:    layout_catacombs
Tar:4:    layout_honeycomb
Tar:5:    layout_grid_maze
Tar:6:    layout_catacombs
Tar:7:    tar_grunt, tar_grunt_ereshkigal, tar_grunt_big_loot,
          tar_grunt_small_loot, tar_grunt_small_loot, tar_grunt_small_loot,
          nicolae_tar_cuneiform_bread, tar_grunt_decor_4, tar_grunt_decor_4,
          tar_grunt_small_decor_pillar, tar_grunt_decor_cross_diag,
          tar_grunt_decor_4, tar_grunt_decor_1, tar_grunt_decor_6,
          tar_grunt_decor_cross_ortho, tar_grunt_decor_3, tar_grunt_decor_8,
          tar_grunt_decor_6, tar_grunt_small_decor_pillar,
          nicolae_tar_cuneiform_bird, tar_grunt_small_decor_pillar
Zot:1:    gammafunk_mikee_crab_dinner, layout_twisted_circle,
          nicolae_transmutations_shop, grunt_ministairs_12
Zot:2:    grunt_zot_stairs_faceoff, layout_basic, uniq_tiamat
Zot:3:    lemuel_firehouse, layout_onion_interference, nicolae_zot_crop_circle
Zot:4:    kennysheep_room_grid, layout_onion_interference, hangedman_swamp_dais
Zot:5:    layout_misc_corridors, drop_trap

Skill      XL: |  1  2  3  4  5  6  7  8  9 10 11 12 13 14 15 16 17 18 19 20 21 22 23 24 25 26 27 |
---------------+----------------------------------------------------------------------------------+-----
Unarmed Combat | 3 4 5 6 7 9 10 11 12 13 14 15 16 17 18 19 20 21 22 23 27 | 27.0
Dodging        | 4 7 9 10 11 12 24 | 24.0
Invocations    | 4 10 12 14 16 18 19 20 21 22 23 24 25 27 | 27.0
Shields        | 4 5 7 8 9 10 11 12 13 14 15 18 | 18.7
Fighting       | 4 6 7 9 10 11 12 13 14 15 26 | 26.6
Translocations | 2 5 6 7 8 9 10 11 | 11.4
Armour         | 4 7 9 10 11 12 13 | 13.1
Charms         | 2 4 6 7 8 20 | 20.8
Spellcasting   | 2 5 6 15 | 15.2
Necromancy     | 3 23 | 23.6
Stealth        | |  1.7

Action                   |  1- 3 |  4- 6 |  7- 9 | 10-12 | 13-15 | 16-18 | 19-21 | 22-24 | 25-27 || total
-------------------------+-------+-------+-------+-------+-------+-------+-------+-------+-------++-------
Melee: Unarmed           |   172 |   100 |   412 |  1001 |  1822 |  1571 |  2241 |  1322 | 10423 || 19064
       Punch             |     1 |     3 |    22 |    24 |       |       |       |       |       ||    50
       Bite              |       |       |       |       |       |       |       |       |   169 ||   169
       Headbutt          |       |       |       |       |       |       |       |       |    61 ||    61
 Cast: Song of Slaying   |       |       |       |       |       |       |       |       |     5 ||     5
       Regeneration      |       |       |       |       |       |       |       |       |    13 ||    13
       Death's Door      |       |       |       |       |       |       |       |       |     1 ||     1
Invok: Upheaval          |       |       |       |     6 |    14 |    35 |    14 |    15 |   135 ||   219
       Disaster Area     |       |       |       |       |     1 |     1 |     2 |     3 |    24 ||    31
Evoke: Wand              |       |     7 |    10 |     5 |       |    14 |       |     1 |     1 ||    38
       Fan of gales      |       |       |       |     1 |       |       |       |       |       ||     1
       Sack of spiders   |       |       |       |     1 |       |       |       |       |       ||     1
       Phantom mirror    |       |       |       |       |       |     1 |       |       |       ||     1
  Use: Potion            |       |     3 |     8 |     4 |       |     3 |       |     1 |    45 ||    64
       Scroll            |       |       |    13 |    17 |    17 |    21 |    11 |     5 |    54 ||   138
 Stab: Sleeping          |     5 |     2 |     5 |       |       |       |       |       |       ||    12
       Confused          |       |     2 |       |       |       |       |       |       |       ||     2
       Petrifying        |       |       |       |       |       |     1 |       |       |     2 ||     3
       Petrified         |       |       |       |       |       |     1 |       |       |     1 ||     2
       Distracted        |       |       |       |       |       |       |       |     1 |     5 ||     6
  Eat: Chunk             |     3 |     5 |    13 |    24 |    26 |    16 |    29 |     3 |    15 ||   134
       Ration            |       |     1 |       |     1 |     4 |     5 |     1 |     6 |    34 ||    52
Armor: Robe              |    49 |    28 |    91 |    18 |       |       |       |       |       ||   186
       Skin              |       |       |     5 |       |       |       |       |       |       ||     5
       Troll leather arm |       |       |       |     7 |       |       |       |       |       ||     7
       Leather armour    |       |       |       |   103 |   190 |   161 |   318 |   133 |    43 ||   948
       Chain mail        |       |       |       |     1 |       |       |       |       |   959 ||   960
       Ring mail         |       |       |       |       |       |       |       |       |  1235 ||  1235
Dodge: Dodged            |   133 |    52 |   230 |   466 |   804 |   628 |  1028 |   504 |  5279 ||  9124
       Deflected         |       |       |       |     4 |    25 |    66 |    35 |    22 |   135 ||   287
Block: Other             |       |       |       |     5 |       |       |       |       |       ||     5
       Buckler           |       |       |       |   311 |  1096 |       |       |       |       ||  1407
       Shield            |       |       |       |       |   182 |  1307 |  2258 |  1083 |  9706 || 14536

Table legend:
 A = Non-vault XP
 B = Vault XP
 C = Vault XP percentage of total XP
 D = Non-vault monster count
 E = Vault monster count
 F = Vault count percentage of total count
                 A         B        C        D         E       F
            +---------+---------+-------+---------+---------+-------
      Total | 2016774 | 1843273 |  47.8 |    3481 |    1623 |  31.8
            +---------+---------+-------+---------+---------+-------
        D:1 |      34 |       0 |   0.0 |      18 |       0 |   0.0
        D:2 |      54 |       0 |   0.0 |      19 |       0 |   0.0
        D:3 |     182 |     284 |  60.9 |      17 |      19 |  52.8
        D:4 |     371 |     335 |  47.5 |      23 |       3 |  11.5
        D:5 |    1226 |      45 |   3.5 |      32 |       2 |   5.9
        D:6 |    1286 |     999 |  43.7 |      24 |      13 |  35.1
        D:7 |    1038 |    1989 |  65.7 |      18 |      12 |  40.0
        D:8 |     246 |    4359 |  94.7 |       4 |      21 |  84.0
        D:9 |    2786 |     102 |   3.5 |      30 |       3 |   9.1
       D:10 |    2567 |    1009 |  28.2 |      24 |       4 |  14.3
       D:11 |    3122 |    2240 |  41.8 |      33 |      22 |  40.0
       D:12 |    4208 |       0 |   0.0 |      37 |       0 |   0.0
       D:13 |    6007 |    6226 |  50.9 |      39 |      17 |  30.4
       D:14 |    7616 |    1963 |  20.5 |      28 |       1 |   3.4
       D:15 |   22438 |    2405 |   9.7 |      39 |       3 |   7.1
     Lair:1 |    2517 |     360 |  12.5 |       9 |       4 |  30.8
     Lair:2 |    3679 |    1321 |  26.4 |      15 |       3 |  16.7
     Lair:3 |   11321 |     615 |   5.2 |      47 |       4 |   7.8
     Lair:4 |    8460 |    1250 |  12.9 |      27 |       2 |   6.9
     Lair:5 |    4533 |       0 |   0.0 |      14 |       0 |   0.0
     Lair:6 |   16627 |    6269 |  27.4 |      36 |      11 |  23.4
   Shoals:1 |   11811 |    2913 |  19.8 |      21 |       1 |   4.5
   Shoals:2 |   17417 |       0 |   0.0 |      33 |       0 |   0.0
   Shoals:3 |    8009 |   15206 |  65.5 |      17 |      21 |  55.3
   Shoals:4 |   15354 |   21639 |  58.5 |      25 |      30 |  54.5
   Spider:1 |    8415 |       0 |   0.0 |      22 |       0 |   0.0
   Spider:2 |   13460 |    3240 |  19.4 |      36 |       1 |   2.7
   Spider:3 |   21077 |   10759 |  33.8 |      49 |      13 |  21.0
   Spider:4 |   25652 |   22080 |  46.3 |      70 |      45 |  39.1
    Slime:1 |    5319 |       0 |   0.0 |       9 |       0 |   0.0
    Slime:3 |   20415 |       0 |   0.0 |      35 |       0 |   0.0
    Slime:4 |   13371 |   18610 |  58.2 |      16 |       3 |  15.8
    Slime:5 |   10115 |   30718 |  75.2 |      13 |      12 |  48.0
      Orc:1 |     800 |       0 |   0.0 |       7 |       0 |   0.0
      Orc:2 |    6900 |    6209 |  47.4 |      62 |      60 |  49.2
      Elf:1 |    8691 |   14952 |  63.2 |      22 |      27 |  55.1
      Elf:2 |   13820 |    3598 |  20.7 |      26 |       4 |  13.3
      Elf:3 |   12811 |   41674 |  76.5 |      21 |      25 |  54.3
   Vaults:1 |   27094 |   17587 |  39.4 |      46 |      24 |  34.3
   Vaults:2 |   25666 |   29798 |  53.7 |      48 |      49 |  50.5
   Vaults:3 |   49551 |   34263 |  40.9 |      78 |      40 |  33.9
   Vaults:4 |   47920 |   26608 |  35.7 |      62 |      41 |  39.8
   Vaults:5 |   30342 |  122317 |  80.1 |      41 |      94 |  69.6
    Crypt:1 |   22721 |   13758 |  37.7 |      29 |       8 |  21.6
    Crypt:2 |   13790 |       0 |   0.0 |      26 |       0 |   0.0
    Crypt:3 |   28326 |   57258 |  66.9 |      37 |      41 |  52.6
     Tomb:1 |   12076 |  121306 |  90.9 |      29 |      61 |  67.8
     Tomb:2 |   17726 |   53168 |  75.0 |      34 |      46 |  57.5
     Tomb:3 |    5186 |   90337 |  94.6 |      19 |      59 |  75.6
   Depths:1 |   14853 |    2867 |  16.2 |      22 |       4 |  15.4
   Depths:2 |   21981 |   20049 |  47.7 |      36 |      13 |  26.5
   Depths:3 |   49028 |   37730 |  43.5 |      61 |      48 |  44.0
   Depths:4 |   43896 |   44985 |  50.6 |      58 |      39 |  40.2
   Depths:5 |   31207 |   22232 |  41.6 |      34 |      15 |  30.6
       Hell |   30063 |   36823 |  55.1 |      49 |      59 |  54.6
      Dis:1 |   18604 |       0 |   0.0 |      32 |       0 |   0.0
      Dis:2 |    5018 |       0 |   0.0 |       9 |       0 |   0.0
      Dis:3 |       0 |      39 | 100.0 |       0 |       1 | 100.0
      Dis:4 |   18195 |   13328 |  42.3 |      42 |      37 |  46.8
      Dis:5 |    4876 |       0 |   0.0 |       7 |       0 |   0.0
      Dis:6 |    6531 |       0 |   0.0 |      13 |       0 |   0.0
      Dis:7 |   12736 |  130256 |  91.1 |      18 |     115 |  86.5
      Geh:1 |   23271 |       0 |   0.0 |      49 |       0 |   0.0
      Geh:2 |    5495 |       0 |   0.0 |      15 |       0 |   0.0
      Geh:3 |     475 |       0 |   0.0 |       2 |       0 |   0.0
      Geh:4 |   28508 |       0 |   0.0 |      78 |       0 |   0.0
      Geh:5 |   23735 |       0 |   0.0 |      53 |       0 |   0.0
      Geh:6 |    5135 |       0 |   0.0 |      16 |       0 |   0.0
      Geh:7 |   39765 |   58930 |  59.7 |      85 |      42 |  33.1
      Coc:1 |    3031 |       0 |   0.0 |       9 |       0 |   0.0
      Coc:2 |    4515 |       0 |   0.0 |       8 |       0 |   0.0
      Coc:4 |    8887 |       0 |   0.0 |      17 |       0 |   0.0
      Coc:5 |   14787 |       0 |   0.0 |      33 |       0 |   0.0
      Coc:6 |   19835 |       0 |   0.0 |      26 |       0 |   0.0
      Coc:7 |   53227 |   59703 |  52.9 |      67 |      28 |  29.5
      Tar:1 |   15871 |       0 |   0.0 |      24 |       0 |   0.0
      Tar:2 |   51321 |       0 |   0.0 |      58 |       0 |   0.0
      Tar:3 |    8822 |       0 |   0.0 |      11 |       0 |   0.0
      Tar:5 |      12 |       0 |   0.0 |       1 |       0 |   0.0
      Tar:6 |     517 |       0 |   0.0 |       2 |       0 |   0.0
      Tar:7 |   55371 |   51164 |  48.0 |      86 |      15 |  14.9
      Zot:1 |   48058 |   32752 |  40.5 |      30 |      19 |  38.8
      Zot:2 |   32398 |   51531 |  61.4 |      19 |      28 |  59.6
      Zot:3 |   32409 |   14905 |  31.5 |      19 |      31 |  62.0
      Zot:4 |   66057 |   34469 |  34.3 |      39 |      26 |  40.0
      Zot:5 |   42168 |  184197 |  81.4 |      23 |      42 |  64.6
    Abyss:1 |   58558 |       0 |   0.0 |      69 |       0 |   0.0
    Abyss:2 |    7890 |       0 |   0.0 |      13 |       0 |   0.0
    Abyss:3 |  218367 |   15898 |   6.8 |     421 |      23 |   5.2
    Abyss:5 |   25795 |       0 |   0.0 |      24 |       0 |   0.0
        Pan |  271353 |  229974 |  45.9 |     337 |     162 |  32.5
      IceCv |       0 |    5448 | 100.0 |       0 |      20 | 100.0
    Volcano |       0 |    6224 | 100.0 |       0 |       7 | 100.0
            +---------+---------+-------+---------+---------+-------
